 Dungeon Crawl Stone Soup version 0.29.1-1-gd02db6906a (webtiles) character file.

Game seed: 3372046744412887619

1791423 sleeves the Sorcerer (level 27, 176/176 HPs)
             Began as a Djinni Gladiator on Sept 29, 2022.
             Was the Champion of Hepliaklqana.
             Escaped with the Orb
             ... and 3 runes!
             The game lasted 03:46:00 (59913 turns).

sleeves the Sorcerer (Djinni Gladiator)            Turns: 59913, Time: 03:46:00

Health: 176/176    AC: 27    Str: 22    XL:     27
Gold:   4828       EV: 12    Int: 31    God:    Hepliaklqana [******] SH: 20 Dex: 14

rFire   + + +      SeeInvis .   a - +9 demon trident (antimagic)
rCold   + + .      Faith    .   r - +5 kite shield {rC+}
rNeg    + . .      Spirit   .   n - +7 chain mail of Amorality {Int+6 Dex+2}
rPois   ∞          Reflect  .   K - +2 hat {Will+}
rElec   +          Harm     .   G - +2 cloak of Acedirr {rElec rCorr}
rCorr   +          Rampage  .   q - +2 pair of gloves {Str+3}
Will    ++++.                   (boots unavailable)
Stlth   +.........              j - amulet of regeneration
HPRegen 1.19/turn               N - ring of Gin and Tonic {rF+ rC- Will+ Str+6}
MPRegen 0.00/turn               o - ring of Mium {rElec rC+++ rN+ Int+2 Dex-4}

@: flying
A: reduced essence, sickness immunity, fire resistance 2, cold vulnerability 1,
float, innate caster, HP casting, extra vitality 1, deformed body
0: Orb of Zot
}: 3/15 runes: barnacled, abyssal, gossamer
a: Renounce Religion, Recall Ancestor, Ancestor Identity, Transference, Idealise


You escaped.
You worshipped Hepliaklqana.
Hepliaklqana was exalted by your worship.
You visited 11 branches of the dungeon, and saw 50 of its levels.
You visited the Abyss 1 time.
You visited 1 bazaar.
You also visited: Wizlab.

You collected 7037 gold pieces.
You spent 2209 gold pieces at shops.

Inventory:

Hand Weapons
 a - a +9 antimagic demon trident (weapon)
   (You took it off a vampire knight in a wizard's laboratory)
 b - a +9 vorpal demon trident
   (You found it on level 2 of the Spider Nest)
Missiles
 d - 7 throwing nets
Armour
 n - the +7 chain mail of Amorality (worn) {Int+6 Dex+2}
   (You found it on level 3 of the Elven Halls)

   Int:       It affects your intelligence (+6).
   Dex:       It affects your dexterity (+2).
 q - a +2 pair of gloves of strength (worn)
   (You found it on level 3 of the Elven Halls)
 r - a +5 kite shield of cold resistance (worn)
   (You found it on level 3 of the Vaults)
 G - the +2 cloak of Acedirr (worn) {rElec rCorr}
   (You acquired it on level 14 of the Dungeon)

   rElec:     It insulates you from electricity.
   rCorr:     It protects you from acid and corrosion.
 K - a +2 hat of willpower (worn)
   (You took it off Gastronok on level 3 of the Lair of Beasts)
Jewellery
 i - an amulet of reflection
   (You took it off a fire giant on level 2 of the Depths)
 j - an amulet of regeneration (around neck)
   (You found it on level 1 of the Dungeon)
 o - the ring of Mium (right hand) {rElec rC+++ rN+ Int+2 Dex-4}
   (You found it on level 4 of the Shoals)

   [ring of positive energy]

   Int:       It affects your intelligence (+2).
   Dex:       It affects your dexterity (-4).
   rC:        It renders you almost immune to cold.
   rElec:     It insulates you from electricity.
   rN:        It protects you from negative energy.
 D - the ring of Eqaylimuuni {rF+ rN+}
   (You found it on level 3 of the Elven Halls)

   [ring of positive energy]

   rF:        It protects you from fire.
   rN:        It protects you from negative energy.
 N - the ring of Gin and Tonic (left hand) {rF+ rC- Will+ Str+6}
   (You found it on level 3 of the Crypt)

   [ring of strength]

   Str:       It affects your strength (+6).
   rF:        It protects you from fire.
   rC:        It makes you vulnerable to cold.
   Will:      It increases your willpower.
 O - a ring of see invisible
   (You found it on level 6 of the Dungeon)
Wands
 f - a wand of iceblast (31)
   (You found it on level 2 of the Lair of Beasts)
 R - a wand of digging (6)
   (You found it on level 7 of the Dungeon)
 Y - a wand of quicksilver (23)
   (You found it on level 5 of the Lair of Beasts)
Scrolls
 e - 6 scrolls of fear
 g - 2 scrolls of enchant weapon
 k - 4 scrolls of silence
 l - 4 scrolls of magic mapping
 s - 3 scrolls of summoning
 w - 6 scrolls of torment
 x - 5 scrolls of butterflies
 y - 10 scrolls of enchant armour
 z - 2 scrolls of brand weapon
 A - 11 scrolls of immolation
 H - a scroll of poison
 J - 12 scrolls of teleportation
 M - 8 scrolls of vulnerability
 W - 3 scrolls of blinking
Potions
 c - 5 potions of berserk rage
 h - 15 potions of ambrosia
 p - 8 potions of haste
 t - a potion of mutation
 u - 6 potions of heal wounds
 v - 11 potions of attraction
 B - 9 potions of brilliance
 C - 7 potions of resistance
 F - 28 potions of curing
 I - 11 potions of might
 P - 14 potions of lignification
 U - a potion of invisibility
 V - 4 potions of cancellation
Miscellaneous
 m - a phial of floods
   (You found it on level 3 of the Crypt)


   Skills:
 - Level 17.0 Fighting
 - Level 14.0 Polearms
 - Level 1.5 Throwing
 - Level 18.0 Armour
 - Level 10.0 Dodging
 - Level 10.0 Stealth
 - Level 20.0 Shields
 + Level 25.5 Spellcasting
 - Level 14.0 Invocations


You had 5 spell levels left.
You knew the following spells:

 Your Spells              Type           Power      Damage    Failure   Level
a - Sting                 Tmut/Pois      100%       1d8       0%          1
b - Call Imp              Summ           100%       N/A       0%          2
c - Summon Guardian Gole  Hex/Summ       100%       N/A       0%          3
d - Tukima's Dance        Hex            100%       N/A       0%          3
e - Yara's Violent Unrav  Hex/Tmut       57%        3d22      0%          5
f - Fireball              Conj/Fire      57%        3d22      0%          5
g - Summon Cactus Giant   Summ           57%        N/A       0%          6
h - Spellforged Servitor  Conj/Summ      57%        N/A       1%          7
i - Enfeeble              Hex            57%        N/A       1%          7
j - Disjunction           Tloc           57%        N/A       1%          8
k - Dragon Form           Tmut           57%        N/A       1%          7
l - Chain Lightning       Conj/Air       57%        3d76      11%         9
m - Death's Door          Necr           57%        N/A       11%         9
Your spell library was empty.

Dungeon Overview and Level Annotations

Branches:
Dungeon (15/15)            Temple (1/1) D:5            Lair (5/5) D:11
 Shoals (4/4) Lair:3       Spider (4/4) Lair:3        Slime (0/5) Lair:4
    Orc (2/2) D:12            Elf (3/3) Orc:2        Vaults (4/5) D:13
  Crypt (3/3) Vaults:3       Tomb (0/3) Crypt:3      Depths (4/4) D:15
    Zot (5/5) Depths:4     WizLab (visited)

Altars:
Ashenzari
Cheibriados
Dithmenos
Elyvilon
Fedhas
Gozag
Hepliaklqana
Makhleb
Nemelex Xobeh
Okawaru
Qazlal
Ru
Trog
Uskayaw
Wu Jian
Xom
Yredelemnul
Zin
The Shining One
Jiyva

Shops:
Orc:2 *=[([(!   Elf:3 [   Shoals:3 *   Vaults:2 =   Vaults:3 (   Depths:2 ((*(

Portals:
Hell: Depths:1 Depths:2 Depths:3 Depths:4
Abyss: Depths:1 Depths:3
Pandemonium: Depths:2
Ziggurat: Depths:4

Annotations:
D:6 4 runed translucent doors
D:14 Roxanne
Lair:5 exclusion: obsidian statue
Elf:2 3 runed translucent doors
Vaults:1 2 transporters, exclusion: obsidian statue
Crypt:2 3 runed translucent doors
Depths:3 4 transporters
Depths:4 exclusion: great orb of eyes


Innate Abilities, Weirdness & Mutations

Your life essence is reduced to manifest your ancestor. (-10% HP)
You are immune to sickness and miasma.
You are immune to poison.
Your flesh is very heat resistant. (rF++)
You are vulnerable to cold. (rC-)
You float through the air rather than walking.
You learn spells naturally, not from books.
Your magical power is your life essence.
You have superior vitality. (+4 MHP)
Armour fits poorly on your strangely shaped body.


Message History

You puncture the Orb Guardian!
The Orb Guardian is heavily wounded.
You block the Orb Guardian's attack.
You puncture the Orb Guardian!
The Orb Guardian is heavily wounded.
Ano gestures at the Orb Guardian while chanting.
The crystal spear hits the Orb Guardian!!!
The Orb Guardian dies!
A moth of wrath comes into view.
You yell at the moth of wrath!
The moth of wrath's fur bristles in rage as it notices you.
You hear a deafening roar!
A storm dragon comes into view.
The moth of wrath moves out of view.
A storm dragon is nearby!
The storm dragon is enfeebled!
The storm dragon breathes lightning at you.
The bolt of lightning hits you! You resist.
The moth of wrath is enfeebled!
The storm dragon is lost in a daze.
You block the moth of wrath's attack.
You puncture the moth of wrath!
The moth of wrath is lightly wounded.
The storm dragon breathes lightning at you.
The bolt of lightning hits the moth of wrath!!!
The bolt of lightning hits you! You resist.
You block the moth of wrath's attack.
You puncture the moth of wrath!
The moth of wrath is almost dead.
The moth of wrath is lost in a daze.
You strike the helpless moth of wrath from behind!
You puncture the moth of wrath!
You kill the moth of wrath!
The storm dragon is lost in a daze.
Found a wand of quicksilver (1).
Ano misses the storm dragon.
You hit the storm dragon but do no damage.
Ano hits the storm dragon with a +0 lajatang of freezing!
Ano freezes the storm dragon.
The storm dragon bites you but does no damage.
The storm dragon closely misses you. You block the storm dragon's attack.
You puncture the storm dragon!
The storm dragon is moderately wounded.
Ano casts a spell at the storm dragon.
The crystal spear hits the storm dragon!!!
You block the storm dragon's attack. x2; The storm dragon misses you.
You puncture the storm dragon!
The storm dragon is severely wounded.
Ano hits the storm dragon with a +0 lajatang of freezing!!!
Ano freezes the storm dragon.
The storm dragon dies!
The storm dragon scales are intact enough to wear.
No target in view!
Things that are here:
+0 storm dragon scales; a storm dragon corpse
Found a scroll of teleportation.
An electric golem comes into view.
Okay, then.
You start resting.
Ano is no longer moving quickly.
HP restored.
Found an encrusted ring mail.
An electric golem comes into view.
Okay, then.
Found 4 stones.
The electric golem partially resists.
The electric golem is enfeebled!
You miss the electric golem.
The electric golem hits you but does no damage.
You block the electric golem's attack.
The electric golem hits you but does no damage.
You block the electric golem's attack.
Ano casts a spell.
Ano seems to speed up.
You puncture the electric golem!
The electric golem's magic leaks into the air.
The electric golem is lightly damaged.
You block the electric golem's attack. x4
Ano closely misses the electric golem.
The electric golem hits you but does no damage. x3
The electric golem hits you.
You puncture the electric golem!
The electric golem's magic leaks into the air.
The electric golem is lightly damaged.
Ano hits the electric golem with a +0 lajatang of freezing!!!
Ano freezes the electric golem!
The electric golem falters for a moment.
You hit the electric golem but do no damage.
The electric golem is heavily damaged.
Ano hits the electric golem with a +0 lajatang of freezing!!
Ano freezes the electric golem.
The electric golem hits Ano.
The electric golem shocks Ano!!
The electric golem completely misses Ano.
The electric golem hits Ano.
The electric golem barely misses Ano.
You strike the helpless electric golem from behind!
You impale the electric golem!!
The electric golem's magic leaks into the air.
The electric golem is almost destroyed.
Ano hits the electric golem with a +0 lajatang of freezing!!!
The electric golem is destroyed!
No target in view!
Unknown command.
You swap places.
HP restored. 2 Orb Guardians come into view.
You yell at the Orb Guardian!
You hear a roar! x3
The green draconian monk pulls the alarm!
The alarm trap emits a blaring wail!
A sentinel's mark forms upon you.
A green draconian monk comes into view.
An Orb Guardian comes into view.
The Orb Guardian moves out of view.
You hear a deafening roar! x2
There are monsters nearby!
Your magical effects are unravelling.
You feel magically purged.
The sentinel's mark upon you fades away.
An Orb Guardian comes into view.
A red draconian comes into view. It is wielding a +0 trident.
An Orb Guardian comes into view.
A red draconian scorcher comes into view.
It is wielding a +0 dagger.
Casting: Enfeeble (mildly dangerous; 1% risk of failure)
Confirm with . or Enter, or press ? or * to list all spells.
Lightning arcs from your hands!
The bolt of lightning hits the Orb Guardian!!!!
You kill the Orb Guardian!
The bolt of lightning hits the red draconian scorcher!!!
The red draconian scorcher is almost dead.
The bolt of lightning hits the Orb Guardian!!!
The Orb Guardian is heavily wounded.
The bolt of lightning hits the green draconian monk!!!
The green draconian monk is heavily wounded.
The bolt of lightning hits the Orb Guardian!!!!
The Orb Guardian is almost dead.
The bolt of lightning hits the Orb Guardian!!!
The Orb Guardian is heavily wounded.
The bolt of lightning hits the electric golem!!
The electric golem resists.
The electric golem is moderately damaged.
The bolt of lightning hits the Orb Guardian!!!
The Orb Guardian is severely wounded.
Ano gestures at the Orb Guardian while chanting.
The crystal spear hits the Orb Guardian!!!
The Orb Guardian dies!
The electric golem crackles and sizzles.
The red draconian scorcher gestures at you while chanting.
The sphere of damnation explodes!
The damnation engulfs you!!
Ano barely misses the Orb Guardian.
Casting: Chain Lightning (dangerous; 11% risk of failure)
Confirm with . or Enter, or press ? or * to list all spells.
Lightning arcs from your hands!
The bolt of lightning hits the Orb Guardian!!!
You kill the Orb Guardian!
The bolt of lightning hits the red draconian scorcher!!!
You kill the red draconian scorcher!
The bolt of lightning hits the green draconian monk!!!!
You kill the green draconian monk!
The bolt of lightning hits the Orb Guardian!!!!
You kill the Orb Guardian!
The bolt of lightning hits the Orb Guardian!!!
You kill the Orb Guardian!
A purple draconian comes into view. It is wielding a +0 long sword.
The electric golem hits Ano but does no damage.
The electric golem hits Ano!
The electric golem shocks Ano!
The electric golem hits Ano.
The electric golem closely misses Ano.
Ano barely misses the electric golem.
The electric golem hurls lightning at you.
The bolt of lightning misses Ano.
The bolt of lightning hits you! You resist.
The red draconian breathes fire at you.
The searing blast hits Ano!
Ano resists.
The searing blast hits you. You resist.
Ano hits the red draconian with a +0 lajatang of freezing!!
Ano freezes the red draconian!
An Orb Guardian comes into view.
You yell at the Orb Guardian!
Casting: Chain Lightning (dangerous; 10% risk of failure)
Confirm with . or Enter, or press ? or * to list all spells.
Lightning arcs from your hands!
The bolt of lightning hits the purple draconian!!!!
The purple draconian is almost dead.
The bolt of lightning hits the electric golem!!
The electric golem resists.
The electric golem is heavily damaged.
The bolt of lightning hits the red draconian!!!
You kill the red draconian!
The bolt of lightning hits the Orb Guardian!!!
The Orb Guardian is heavily wounded.
The electric golem closely misses Ano.
The electric golem hits Ano.
The electric golem shocks Ano!
The electric golem hits Ano. x2
The electric golem closely misses Ano.
The electric golem barely misses Ano.
The electric golem hits Ano.
The electric golem hits Ano!
The purple draconian breathes dispelling energy at you.
The bolt of dispelling energy hits Ano!!!
Ano is destroyed!
The bolt of dispelling energy hits you!
Casting: Chain Lightning (dangerous; 10% risk of failure)
Confirm with . or Enter, or press ? or * to list all spells.
Lightning arcs from your hands!
The bolt of lightning hits the purple draconian!!!!
You kill the purple draconian!
The bolt of lightning hits the electric golem!!!
The electric golem resists.
The electric golem is severely damaged.
The bolt of lightning hits the Orb Guardian!!!
The Orb Guardian is almost dead.
An Orb Guardian comes into view.
You yell at the Orb Guardian!
The electric golem blinks!
Casting: Chain Lightning (dangerous; 10% risk of failure)
Confirm with . or Enter, or press ? or * to list all spells.
Lightning arcs from your hands!
The bolt of lightning hits the Orb Guardian!!!!
You kill the Orb Guardian!
The bolt of lightning hits the Orb Guardian!!!
The Orb Guardian is almost dead.
* * * LOW HITPOINT WARNING * * *
The electric golem hurls lightning at you.
The bolt of lightning hits you! You resist.
* * * LOW HITPOINT WARNING * * *
Casting: Chain Lightning (dangerous; 10% risk of failure)
Confirm with . or Enter, or press ? or * to list all spells.
Aiming: Enfeeble (mildly dangerous; 1% risk of failure)
Press: ? - help, Shift-Dir - straight line, f - electric golem
Aim: an electric golem (severely damaged, will inflict weakness and antimagic)
The electric golem partially resists.
The electric golem is enfeebled!
* * * LOW HITPOINT WARNING * * *
The electric golem falters for a moment.
Casting: Enfeeble (mildly dangerous; 1% risk of failure)
Confirm with . or Enter, or press ? or * to list all spells.
Aiming: Enfeeble (mildly dangerous; 1% risk of failure)
Press: ? - help, Shift-Dir - straight line, f - Orb Guardian, p - electric golem
Aim: an Orb Guardian (almost dead, will inflict weakness, chance to daze and blind: 64%)
The Orb Guardian is enfeebled!
* * * LOW HITPOINT WARNING * * *
You hear a loud "Zot"!
Blink to where?
Press: ? - help, Dir - move target, p - Orb Guardian
As you read the scroll of blinking, it crumbles to dust.
The electric golem falters for a moment. x2
The electric golem fails to trigger a net trap.
Okay, then.
As you read the scroll of summoning, it crumbles to dust.
Wisps of shadow whirl around you... What are your orders? t - Yell!
Orders for allies: a - Attack new target. r - Retreat! s - Stop attacking. g - Guard the area. f - Follow me.
Anything else - Cancel.
Gang up on whom?
Press: ? - help, Dir - move target, f - electric golem
Aim: an electric golem (severely damaged, weak, ally target, magic disrupted) Attack!
The Orb Guardian is lost in a daze.
The electric golem blinks!
Your moth of wrath completely misses the electric golem.
The electric golem falters for a moment.
The electric golem hurls lightning at you.
The bolt of lightning hits you but does no damage.
You resist.
Your moth of wrath misses the electric golem. x2
The electric golem hits your moth of wrath but does no damage.
The electric golem hits your moth of wrath!
The electric golem shocks your moth of wrath!!
The electric golem hits your moth of wrath.
The electric golem closely misses your moth of wrath.
The electric golem's magic is no longer disrupted.
The electric golem is no longer weakened.
Your moth of wrath goads your shadow dragon on!
Your shadow dragon goes berserk!
Your moth of wrath bites the electric golem.
The Orb Guardian is lost in a daze.
The electric golem crackles and sizzles.
The electric golem hits your shadow dragon but does no damage. x3
The electric golem barely misses your shadow dragon.
Your moth of wrath bites the electric golem!
Your shadow dragon barely misses the electric golem. x2
Your shadow dragon closely misses the electric golem.
Your moth of wrath misses the electric golem.
The electric golem hits your shadow dragon but does no damage.
The electric golem misses your shadow dragon.
The electric golem hits your shadow dragon.
The electric golem hits your shadow dragon!
Your shadow dragon barely misses the electric golem.
Your shadow dragon misses the electric golem.
Your shadow dragon closely misses the electric golem.
The Orb Guardian is lost in a daze.
The electric golem blinks!
Casting: Enfeeble (mildly dangerous; 1% risk of failure)
Confirm with . or Enter, or press ? or * to list all spells.
Aiming: Enfeeble (mildly dangerous; 1% risk of failure)
Press: ? - help, Shift-Dir - straight line, f/p - electric golem
Aim: an electric golem (severely damaged, ally target, will inflict weakness and antimagic)
The electric golem partially resists.
The electric golem is enfeebled!
* * * LOW HITPOINT WARNING * * *
You hear a loud "Zot"!
The Orb Guardian is lost in a daze.
The Orb Guardian is no longer dazed.
The Orb Guardian is no longer blind.
The Orb Guardian is no longer weakened.
The electric golem hurls lightning at you.
The bolt of lightning hits you. You resist.
* * * LOW HITPOINT WARNING * * *
Reach: a) +9 demon trident (antimagic)
Press: ? - help, Dir - move target, f/p - electric golem
Aim: an electric golem (severely damaged, weak, ally target, magic disrupted, about 45% to evade your +9 antimagic demon trident)
Okay, then.
Casting: Enfeeble (mildly dangerous; 1% risk of failure)
Confirm with . or Enter, or press ? or * to list all spells.
Aiming: Enfeeble (mildly dangerous; 1% risk of failure)
Press: ? - help, Shift-Dir - straight line, f - Orb Guardian, p - electric golem
Aim: an Orb Guardian (severely wounded, will inflict weakness, chance to daze and blind: 64%)
The Orb Guardian is enfeebled!
* * * LOW HITPOINT WARNING * * *
The electric golem blinks!
The Orb Guardian is lost in a daze.
You feel much better.
You strike the helpless Orb Guardian from behind!
You puncture the Orb Guardian!
The Orb Guardian is almost dead.
The electric golem hits your moth of wrath.
The electric golem shocks your moth of wrath!
The electric golem closely misses your moth of wrath.
The electric golem hits your moth of wrath.
The electric golem closely misses your moth of wrath.
Your shadow dragon completely misses the electric golem.
Your shadow dragon claws the electric golem but does no damage.
Your shadow dragon claws the electric golem!
You puncture the Orb Guardian!
The Orb Guardian is almost dead.
The Orb Guardian hits you but does no damage.
The electric golem hits your moth of wrath.
The electric golem shocks your moth of wrath!!
Your moth of wrath dies!
Your moth of wrath's corpse dissolves into shadows!
Your shadow dragon barely misses the electric golem.
Your shadow dragon completely misses the electric golem.
Your shadow dragon claws the electric golem but does no damage.
You hit the Orb Guardian but do no damage.
The Orb Guardian is almost dead.
The electric golem blinks!
The Orb Guardian is lost in a daze.
You puncture the Orb Guardian!
You kill the Orb Guardian!
The electric golem hurls lightning at your shadow dragon.
The bolt of lightning hits your shadow dragon!
The electric golem's magic is no longer disrupted.
The electric golem is no longer weakened.
Your shadow dragon barely misses the electric golem.
Your shadow dragon claws the electric golem! x2
The electric golem is destroyed!
Your shadow dragon is no longer berserk.
Your shadow dragon dissolves into shadows!
You start resting.
Your moth of wrath dissolves into shadows!
Ano emerges from the mists of memory!
You start resting.
HP restored.
A tentacled monstrosity comes into view.
Casting: Enfeeble (mildly dangerous; 1% risk of failure)
Confirm with . or Enter, or press ? or * to list all spells.
Aiming: Enfeeble (mildly dangerous; 1% risk of failure)
Press: ? - help, Shift-Dir - straight line, f - tentacled monstrosity
Aim: a tentacled monstrosity (wandering, ally target, hasn't noticed you, will inflict weakness, chance to daze and blind: 30%)
The tentacled monstrosity partially resists.
The tentacled monstrosity is enfeebled!
Ano casts a spell at the tentacled monstrosity.
The bolt of magma hits the tentacled monstrosity!!
The tentacled monstrosity partially resists.
You reach to attack!
You puncture the tentacled monstrosity!
The tentacled monstrosity is moderately wounded.
You reach to attack!
You impale the tentacled monstrosity!!
The tentacled monstrosity is moderately wounded.
Ano hits the tentacled monstrosity with a +0 lajatang of freezing!
Ano freezes the tentacled monstrosity.
You puncture the tentacled monstrosity!
The tentacled monstrosity is heavily wounded.
You block the tentacled monstrosity's attack.
The tentacled monstrosity tentacle-slaps you but does no damage.
You block the tentacled monstrosity's attack.
The tentacled monstrosity grabs you.
The tentacled monstrosity constricts you!
You puncture the tentacled monstrosity!
The tentacled monstrosity is severely wounded.
Ano gestures wildly while chanting.
Ano seems to speed up.
You impale the tentacled monstrosity!!
The tentacled monstrosity is almost dead.
Ano barely misses the tentacled monstrosity.
You block the tentacled monstrosity's attack.
The tentacled monstrosity tentacle-slaps you but does no damage. x2
The tentacled monstrosity constricts you.
You puncture the tentacled monstrosity!
The tentacled monstrosity is almost dead.
Ano gestures at the tentacled monstrosity while chanting.
The crystal spear hits the tentacled monstrosity!!!
The tentacled monstrosity dies!
No target in view!
No target in view!
Found the Orb of Zot.
Things that are here:
a +0 long sword; a +0 cloak An Orb Guardian comes into view.
Casting: Enfeeble (mildly dangerous; 1% risk of failure)
Confirm with . or Enter, or press ? or * to list all spells.
Aiming: Enfeeble (mildly dangerous; 1% risk of failure)
Press: ? - help, Shift-Dir - straight line, f - Orb Guardian
Aim: an Orb Guardian (ally target, will inflict weakness, chance to daze and blind: 65%)
The Orb Guardian is enfeebled!
The Orb Guardian is lost in a daze.
Ano hits the Orb Guardian with a +0 lajatang of freezing!
Ano freezes the Orb Guardian.
You puncture the Orb Guardian!
The Orb Guardian is moderately wounded.
You catch the helpless Orb Guardian completely off-guard!
You hit the Orb Guardian.
The Orb Guardian is moderately wounded.
Ano closely misses the Orb Guardian.
You block the Orb Guardian's attack.
Ano gestures at the Orb Guardian while chanting.
The bolt of magma hits the Orb Guardian!!
You impale the Orb Guardian!!
The Orb Guardian is almost dead.
The Orb Guardian closely misses you.
You puncture the Orb Guardian!
You kill the Orb Guardian!
No target in view!
You see here the Orb of Zot.
You feel yourself speed up.
You pick up the Orb of Zot!
The Orb lets out a hideous shriek!
The lords of Pandemonium are not amused.
Beware!
Now all you have to do is get back out of the dungeon!
You hear a shout!
Things that are here:
a +0 long sword; a +0 cloak A blizzard demon comes into view.
Casting: Enfeeble (mildly dangerous; 1% risk of failure)
Confirm with . or Enter, or press ? or * to list all spells.
Aiming: Enfeeble (mildly dangerous; 1% risk of failure)
Press: ? - help, Shift-Dir - straight line, f - blizzard demon
Aim: a blizzard demon (ally target, will inflict weakness and antimagic, chance to daze and blind: 48%)
The blizzard demon is enfeebled!
The blizzard demon is lost in a daze.
Ano is no longer moving quickly.
Ano hits the blizzard demon with a +0 lajatang of freezing!!
The blizzard demon falters for a moment.
Ano hits the blizzard demon with a +0 lajatang of freezing!!
The blizzard demon is lost in a daze.
Ano hits the blizzard demon with a +0 lajatang of freezing!
Ano casts a spell.
Ano seems to speed up.
Ano casts a spell at the blizzard demon.
The crystal spear hits the blizzard demon!!
The blizzard demon dies!
Ano is recalled.
Your extra speed is starting to run out.
Things that are here:
a +0 war axe of flaming; a black draconian skeleton You feel yourself slow down.
Things that are here:
a +0 battleaxe; a +12 club of flaming
There is a stone staircase leading up here.
You fly upwards.
There is a stone staircase leading down here.
A sun demon comes into view.
Ano points at the sun demon and mumbles some strange words.
The crystal spear hits the sun demon!!!
Ano is no longer moving quickly.
You block the sun demon's attack.
The sun demon hits you but does no damage.
You block the sun demon's attack.
Ano hits the sun demon with a +0 lajatang of freezing!
Ano freezes the sun demon.
The sun demon dies!
There is an escape hatch in the ceiling here.
A mysterious force pulls you upwards. The hatch slams shut behind you.
Ano is recalled.
There is a stone staircase leading up here.
You fly upwards.
There is a stone staircase leading down here.
You swap places.
A hellwing comes into view.
Ano hits the hellwing with a +0 lajatang of freezing!!
Ano freezes the hellwing!
The hellwing dies!
Ano is recalled.
A reaper comes into view. It is wielding a +2 scythe of pain.
There is an escape hatch in the ceiling here.
You block the reaper's attack. A mysterious force pulls you upwards.
The hatch slams shut behind you.
You see here a +0 battleaxe.
An ice devil comes into view.
Ano hits the ice devil with a +0 lajatang of freezing!!
The ice devil barely misses Ano.
There is a stone staircase leading down here.
Ano hits the ice devil with a +0 lajatang of freezing!!
The ice devil dies!
(D) Dungeon (T) Temple (L) Lair (A) Shoals (N) Spider Nest (M) Slime Pits (O) Orcish Mines (E) Elven Halls (V) Vaults (C) Crypt (W) Tomb (U) Depths (H) Hell (Z) Zot
Where to? (Enter - Zot:1 @ (x,y), ? - help)
There is an open door here.
There is an open door here.
You see here a potion of flight.
You see here 2 scrolls of identify.
There is a gate leading back out of this place here.
You fly up through the gate.
Welcome back to the Depths!
Level annotation: exclusion: great orb of eyes
There is a gate to the Realm of Zot here.
Ano is recalled.
A great orb of eyes comes into view.
A great orb of eyes is nearby!
There is an open gate here.
Ano gestures at the great orb of eyes while chanting.
The crystal spear hits the great orb of eyes!!!
The great orb of eyes dies!
You see here a +0 longbow.
An Orb Guardian comes into view.
The Orb Guardian partially resists.
The Orb Guardian is enfeebled!
You impale the Orb Guardian!!
The Orb Guardian is moderately wounded.
Ano casts a spell at the Orb Guardian.
The crystal spear hits the Orb Guardian!
You block the Orb Guardian's attack.
You puncture the Orb Guardian!
The Orb Guardian is heavily wounded.
You block the Orb Guardian's attack.
You hit the Orb Guardian.
The Orb Guardian is heavily wounded.
The Orb Guardian hits you but does no damage.
You hit the Orb Guardian.
The Orb Guardian is heavily wounded.
Ano closely misses the Orb Guardian.
The Orb Guardian barely misses you.
You impale the Orb Guardian!!
The Orb Guardian is severely wounded.
You completely miss the Orb Guardian.
The Orb Guardian is severely wounded.
The Orb Guardian hits you but does no damage.
Ano closely misses the Orb Guardian.
You hit the Orb Guardian but do no damage.
The Orb Guardian is severely wounded.
The Orb Guardian closely misses you.
Ano hits the Orb Guardian with a +0 lajatang of freezing.
Ano freezes the Orb Guardian.
You hit the Orb Guardian.
The Orb Guardian is almost dead.
You block the Orb Guardian's attack.
You impale the Orb Guardian!!
You kill the Orb Guardian!
There is a stone staircase leading up here.
You fly upwards.
Level annotation: 4 transporters
There is a stone staircase leading down here.
There is an open door here.
There is an open door here.
There is an open door here.
There is an open door here.
There is a stone staircase leading up here.
You fly upwards.
There is a stone staircase leading down here.
You see here a +0 robe of the Archmagi.
There is an open door here.
There is a stone staircase leading up here.
You fly upwards.
There is a stone staircase leading down here.
There is an open door here.
There is an open door here.
There is an open door here.
There is an open door here.
A neqoxec comes into view.
The neqoxec gestures at you.
Strange energies course through your body.
You feel frail.
There is an open door here.
You can't go up here!
The neqoxec is enfeebled!
The neqoxec is lost in a daze.
A ynoxinul comes into view.
The neqoxec is lost in a daze.
Ano mumbles some strange words.
Ano seems to speed up.
The ynoxinul gestures.
Ano closely misses the neqoxec.
The neqoxec is lost in a daze.
Ano hits the neqoxec with a +0 lajatang of freezing!!
Ano freezes the neqoxec.
The ufetubus hits you but does no damage.
You block the ufetubus's attack.
The neqoxec hits Ano.
Ano points at the neqoxec and mumbles some strange words.
The crystal spear hits the neqoxec!!
The neqoxec dies!
You block the ufetubus's attack. x2; The ufetubus barely misses you.
The ufetubus misses you.
Ano points at the ufetubus and mumbles some strange words.
The bolt of magma hits the ufetubus!!
The ufetubus is burned terribly!
The ufetubus dies!
The ufetubus disappears in a puff of smoke!
The bolt of magma hits the ufetubus!!!
The ufetubus is burned terribly!
The ufetubus dies!
The ufetubus disappears in a puff of smoke!
The ufetubus attacks as you move away! You block the ufetubus's attack.
The ufetubus misses you. The ynoxinul completely misses you.
You block the ufetubus's attack.
The ufetubus hits you but does no damage.
The ynoxinul gestures.
You block the ufetubus's attack. x2
The ufetubus hits Ano but does no damage. x2
Ano points at the ufetubus and mumbles some strange words.
The crystal spear hits the ufetubus!!
The ufetubus dies!
The ufetubus disappears in a puff of smoke!
The ufetubus hits you.
The ufetubus hits you but does no damage.
The ufetubus hits Ano but does no damage. x2
Ano hits the ufetubus with a +0 lajatang of freezing!!
The ufetubus dies!
The ufetubus disappears in a puff of smoke!
The ynoxinul gestures.
You block the ufetubus's attack. The ufetubus misses you.
You block the ufetubus's attack. x2
The ynoxinul gestures.
The ufetubus attacks as you move away! You block the ufetubus's attack.
The ufetubus barely misses you.
Ano casts a spell at the ufetubus.
The crystal spear hits the ufetubus!!!
The ufetubus dies!
The ufetubus disappears in a puff of smoke!
The ynoxinul hits Ano but does no damage.
The ufetubus hits Ano.
The ufetubus hits Ano but does no damage.
The ufetubus closely misses you. You block the ufetubus's attack.
The ufetubus misses something.
The ufetubus hits something but does no damage.
You block the ufetubus's attack. x2
The ufetubus attacks as you move away! You block the ufetubus's attack.
The ufetubus hits you but does no damage.
Ano hits the ufetubus with a +0 lajatang of freezing.
Ano freezes the ufetubus.
The ufetubus dies!
The ufetubus disappears in a puff of smoke!
The ufetubus hits Ano but does no damage. x2
The ufetubus attacks as you move away! You block the ufetubus's attack.
The ufetubus barely misses you.
Ano casts a spell at the ynoxinul.
The bolt of magma hits the ynoxinul!!
The ufetubus hits Ano but does no damage. x2
You block the ufetubus's attack. The ufetubus barely misses you.
The ynoxinul hits Ano but does no damage.
The ufetubus hits you but does no damage. x2
The ufetubus attacks as you move away! The ufetubus closely misses you.
The ufetubus hits you. You block the ufetubus's attack. x2
The ufetubus attacks as you move away! You block the ufetubus's attack.
The ufetubus closely misses you.
You block the ufetubus's attack. x2; The ufetubus completely misses you.
The ufetubus hits you but does no damage.
You block the ufetubus's attack. The ufetubus closely misses you.
The ufetubus attacks as you move away! You block the ufetubus's attack.
The ufetubus closely misses you. The ufetubus closely misses you.
You block the ufetubus's attack. x2
The ufetubus hits you but does no damage.
The ufetubus misses you. You block the ufetubus's attack.
The ufetubus attacks as you move away! You block the ufetubus's attack. x2
The ufetubus attacks as you move away!
The ufetubus hits you but does no damage.
You block the ufetubus's attack.
The ufetubus disappears in a puff of smoke! x2
The ufetubus attacks as you move away! You block the ufetubus's attack. x2
The ufetubus attacks as you move away! You block the ufetubus's attack. x2
The ufetubus barely misses you. The ufetubus closely misses you.
The ufetubus barely misses you.
The ufetubus hits you but does no damage.
There is a staircase back to the Dungeon here.
Ano hits the ufetubus with a +0 lajatang of freezing!!!
Ano freezes the ufetubus.
The ufetubus dies!
The ufetubus disappears in a puff of smoke!
The ufetubus hits you but does no damage.
You block the ufetubus's attack.
You fly upwards.
Welcome back to the Dungeon!
There is a staircase to the Depths here.
Things that are here:
quicksilver dragon scales; a +2 pair of gloves Really quaff the potion of mutation?
You feel extremely strange.
You feel stupid.
Your urge to shout disappears.
You feel agile.
Iridescent scales grow over part of your body.
Really quaff the potion of mutation?
You feel extremely strange.
Your thinking seems confused.
Your iridescent scales disappear.
You feel clever.
You feel a little pissed off.
Really quaff the potion of mutation?
You feel extremely strange.
You feel stupid.
You feel robust. x2; You feel weirdly uncertain.
You begin to heal more quickly.
Really quaff the potion of mutation?
You feel extremely strange.
You feel a little more calm.
You feel stable.
Your rate of healing slows.
Your body twists and deforms.
Unknown command.
There is an open door, spattered with blood here.
HP restored.
There is a stone staircase leading up here.
You fly upwards.
Level annotation: Roxanne
There is a stone staircase leading down here.
Ano is recalled.
You swap places.
There is a stone staircase leading up here.
You fly upwards.
A daeva comes into view.
It is wielding a +3 scimitar of holy wrath.
There is a stone staircase leading down here.
You see here a +0 cloak.
The daeva is enfeebled!
The daeva hits Ano with a +3 scimitar of holy wrath!
The daeva hits Ano with a +3 scimitar of holy wrath.
Ano hits the daeva with a +0 lajatang of freezing!!!
Ano freezes the daeva.
The daeva is lost in a daze.
You reach to attack!
The daeva blocks your attack.
The daeva is heavily wounded.
You reach to attack!
The daeva blocks your attack.
The daeva is heavily wounded.
Ano closely misses the daeva.
The daeva hits Ano with a +3 scimitar of holy wrath.
The daeva barely misses Ano.
You reach to attack!
You impale the daeva!!
The daeva's magic leaks into the air.
The daeva is heavily wounded.
Ano hits the daeva with a +0 lajatang of freezing!!
Ano freezes the daeva!
You reach to attack!
You hit the daeva.
The daeva's magic leaks into the air.
The daeva is almost dead.
The daeva is lost in a daze.
You reach to attack!
You puncture the daeva!
The daeva's magic leaks into the air.
The daeva is almost dead.
Ano mumbles some strange words.
Ano seems to speed up.
The daeva barely misses Ano.
The daeva hits Ano with a +3 scimitar of holy wrath.
You reach to attack!
You closely miss the daeva.
The daeva is almost dead.
Ano hits the daeva but does no damage.
You reach to attack!
You puncture the daeva!
You kill the daeva!
No target in view!
There is a stone staircase leading up here.
You fly upwards.
There is a stone staircase leading down here.
There is an open door here.
Ancestor HP restored.
There is a stone staircase leading up here.
You fly upwards.
There is a stone staircase leading down here.
There is an escape hatch in the ceiling here.
A mysterious force pulls you upwards. The hatch slams shut behind you.
You swap places.
You see here 4 stones.
There is a stone staircase leading up here.
You fly upwards.
There is a stone staircase leading down here.
You swap places.
Ano is no longer moving quickly.
There is a stone staircase leading up here.
You fly upwards.
There is a stone staircase leading down here.
An Ice Fiend comes into view.
You can't go up here!
The Ice Fiend partially resists.
The Ice Fiend is enfeebled!
You reach to attack!
You hit the Ice Fiend but do no damage.
You reach to attack!
You puncture the Ice Fiend!
The Ice Fiend's magic leaks into the air.
The Ice Fiend is lightly wounded.
Ano mumbles some strange words.
Ano seems to speed up.
You hit the Ice Fiend but do no damage.
The Ice Fiend is lightly wounded.
Ano barely misses the Ice Fiend.
You puncture the Ice Fiend!
The Ice Fiend's magic leaks into the air.
The Ice Fiend is moderately wounded.
The Ice Fiend falters for a moment.
Ano casts a spell at the Ice Fiend.
The crystal spear hits the Ice Fiend!!
You hit the Ice Fiend but do no damage.
The Ice Fiend is heavily wounded.
Ano points at the Ice Fiend and mumbles some strange words.
The crystal spear hits the Ice Fiend!!!
The Ice Fiend claws Ano but does no damage.
The Ice Fiend claws Ano.
The Ice Fiend freezes Ano!
Ano resists.
You catch the helpless Ice Fiend completely off-guard!
You perforate the Ice Fiend like a sieve!!!
You kill the Ice Fiend!
No target in view!
(D) Dungeon (T) Temple (L) Lair (A) Shoals (N) Spider Nest (M) Slime Pits (O) Orcish Mines (E) Elven Halls (V) Vaults (C) Crypt (W) Tomb (U) Depths (H) Hell (Z) Zot
Where to? (Enter - D:8 @ (x,y), ? - help)
Okay, then.
You can't go up here!
(D) Dungeon (T) Temple (L) Lair (A) Shoals (N) Spider Nest (M) Slime Pits (O) Orcish Mines (E) Elven Halls (V) Vaults (C) Crypt (W) Tomb (U) Depths (H) Hell (Z) Zot
Where to? (Enter - D:8 @ (x,y), ? - help) HP restored.
A balrug and 2 sun demons come into view.
The balrug is wielding a +3 demon whip of freezing.
You can't go up here!
A sun demon comes into view.
The sun demon shouts! x2
Ano points at the sun demon and mumbles some strange words.
The crystal spear hits the sun demon!!!
The balrug moves out of view.
The sun demon hits Ano!
Ano is engulfed in flames.
Ano resists.
Ano hits the sun demon with a +0 lajatang of freezing!!
Ano freezes the sun demon.
The sun demon dies!
Ano misses the sun demon.
A sun demon comes into view.
Ano hits the sun demon with a +0 lajatang of freezing!!!
Ano freezes the sun demon.
The sun demon hits Ano!
Ano is engulfed in flames!
Ano resists.
Ano hits the balrug with a +0 lajatang of freezing!!
Ano freezes the balrug!
The balrug gestures at you. Something smites you!
Ano completely misses the balrug.
The balrug gestures at you.
The bolt of fire hits the sun demon.
The sun demon completely resists.
The bolt of fire hits you. You resist.
Ano points at the sun demon and mumbles some strange words.
The bolt of magma hits the balrug!
The balrug partially resists.
The bolt of magma hits the sun demon!
The sun demon partially resists.
The sun demon dies!
The balrug hits Ano with a +3 demon whip of freezing.
Ano is engulfed in flames!
Ano resists.
Ano casts a spell at the balrug.
The bolt of magma hits the balrug.
The balrug partially resists.
Ano barely misses the balrug.
The balrug gestures at Ano.
Ano is smitten.
There is a stone staircase leading up here.
Ano hits the balrug with a +0 lajatang of freezing!!
Ano freezes the balrug.
You block the sun demon's attack.
The balrug gestures at Ano.
The bolt of fire hits Ano!
Ano resists.
Ano hits the balrug with a +0 lajatang of freezing!!!
Ano freezes the balrug.
The balrug dies!
You fly upwards.
There is a stone staircase leading down here.
Ano is recalled.
The sun demon completely misses you.
You impale the sun demon!!
The sun demon is moderately wounded.
You block the sun demon's attack.
You hit the sun demon.
The sun demon is moderately wounded.
You block the sun demon's attack.
Ano casts a spell.
Ano seems to speed up.
You impale the sun demon!!
The sun demon is severely wounded.
Ano hits the sun demon with a +0 lajatang of freezing!!!
Ano freezes the sun demon.
The sun demon dies!
No target in view!
No target in view!
You swap places.
HP restored.
There is a stone staircase leading up here.
You fly upwards.
Level annotation: 4 runed translucent doors
There is a stone staircase leading down here.
There is an open door here.
Ancestor HP restored.
A chaos spawn comes into view.
The chaos spawn is enfeebled!
The chaos spawn is lost in a daze.
You reach to attack!
You catch the helpless chaos spawn completely off-guard!
You impale the chaos spawn!!
The chaos spawn is severely wounded.
Ano is no longer moving quickly.
Ano gestures wildly while chanting.
Ano seems to speed up.
You reach to attack!
You impale the chaos spawn!!
You kill the chaos spawn!
The chaos spawn degenerates into a cloud of primal chaos!
No target in view!
No target in view!
You swap places.
You swap places.
(D) Dungeon (T) Temple (L) Lair (A) Shoals (N) Spider Nest (M) Slime Pits (O) Orcish Mines (E) Elven Halls (V) Vaults (C) Crypt (W) Tomb (U) Depths (H) Hell (Z) Zot
Where to? (Enter - D:6 @ (x,y), ? - help)
Okay, then.
Unknown command.
Aiming: Dig
Press: ? - help, Shift-Dir - straight line A rock wall.
This square is covered in magical glow.
The rock shatters into small pieces.
There is a stone staircase leading up here.
You fly upwards.
There is a stone staircase leading down here.
There is a stone staircase leading up here.
You fly upwards.
There is a stone staircase leading down here.
Ano is no longer moving quickly.
There is a stone staircase leading up here.
You fly upwards.
There is a stone staircase leading down here.
You swap places.
You see here a +0 whip.
Things that are here:
a +0 ring mail; a +0 hand axe
There is a stone staircase leading up here.
You fly upwards.
There is a stone staircase leading down here.
You see here a quokka skeleton.
A cherub comes into view. It is wielding a +2 flail of flaming.
The cherub's eagle head screeches!
The cherub unwields a +2 flail of flaming.
It stops flaming.
The cherub wields a +0 sling.
The cherub shoots a sling bullet.
The sling bullet hits you.
The cherub is enfeebled!
A Brimstone Fiend comes into view.
Casting: Enfeeble (mildly dangerous; 1% risk of failure)
Confirm with . or Enter, or press ? or * to list all spells.
Aiming: Enfeeble (mildly dangerous; 1% risk of failure)
Press: ? - help, Shift-Dir - straight line, f - Brimstone Fiend, p - cherub
Aim: a Brimstone Fiend (will inflict weakness and antimagic) Ano avoids your attack.
The Brimstone Fiend partially resists.
The Brimstone Fiend is enfeebled!
The cherub is lost in a daze.
Casting: Enfeeble (mildly dangerous; 1% risk of failure)
Confirm with . or Enter, or press ? or * to list all spells.
Lightning arcs from your hands!
The bolt of lightning hits the cherub!!!
The cherub resists.
The cherub is almost dead.
The bolt of lightning hits you but does no damage.
The bolt of lightning hits the Brimstone Fiend!!!
The Brimstone Fiend is moderately wounded.
The cherub shoots a sling bullet.
The sling bullet hits you!
Casting: Chain Lightning (dangerous; 11% risk of failure)
Confirm with . or Enter, or press ? or * to list all spells.
Lightning arcs from your hands!
The bolt of lightning hits the Brimstone Fiend!!!
The Brimstone Fiend is severely wounded.
The bolt of lightning hits you but does no damage.
The bolt of lightning hits the cherub!!
The cherub resists.
You kill the cherub!
Ano casts a spell.
Ano seems to speed up.
The Brimstone Fiend hits Ano.
The Brimstone Fiend barely misses Ano.
The Brimstone Fiend hits Ano!
Reach: a) +9 demon trident (antimagic)
Press: ? - help, Dir - move target, f/p - Brimstone Fiend
Aim: a Brimstone Fiend (severely wounded, weak, ally target, magic disrupted, about 15% to evade your +9 antimagic demon trident)
You reach to attack!
You hit the Brimstone Fiend.
The Brimstone Fiend's magic leaks into the air.
The Brimstone Fiend is almost dead.
Ano hits the Brimstone Fiend with a +0 lajatang of freezing!!
Ano freezes the Brimstone Fiend!
The Brimstone Fiend dies!
Ancestor HP restored.
There is a stone staircase leading down here.
You see here 3 poisoned darts.
There is a stone staircase leading up here.
You fly upwards.
There is a stone staircase leading down here.
You swap places.
There is a large open door here.
Ano is no longer moving quickly.
There is a large open door here.
HP restored.
A sun demon comes into view.
The sun demon shouts!
The sun demon is enfeebled!
The sun demon is lost in a daze.
You reach to attack!
You hit the sun demon.
The sun demon is lightly wounded.
You puncture the sun demon!
The sun demon is moderately wounded.
The sun demon hits you but does no damage.
Ano casts a spell at the sun demon.
The bolt of magma misses the sun demon.
Aiming: Dig
Press: ? - help, Shift-Dir - straight line, p - sun demon A rock wall.
This square is covered in magical glow.
The rock shatters into small pieces.
You block the sun demon's attack.
Ano points at the sun demon and mumbles some strange words.
The bolt of magma hits the sun demon!
The sun demon partially resists.
Ano casts a spell at the sun demon.
The crystal spear hits the sun demon!!!
The sun demon dies!
There's nothing to close nearby.
Unknown command.
Aiming: Dig
Press: ? - help, Shift-Dir - straight line A rock wall.
This square is covered in magical glow.
The rock shatters into small pieces.
There is a staircase leading out of the dungeon here.
You have escaped!

.......#.........................
.......##.#......................
....#+##.........................
..###..#...........##############
..# ##.............#
..###.....############
...)'....>###...#....##
...÷#...###...........##
..).######...#..@R.#...## ....#
##...###...###...######### ....#
##...## ##### ##...........
..#####...## #...# ##...#######
..# ##...######.#.######...## ..#
#..#........#........#..# ###
#.##.#..###.#.##...#.##.#
#.#..###.#..#.##.###..#.#
#.......................#


You could see the friendly Ano the battlemage.

Vanquished Creatures
  A dread lich (Zot:5)
  3 orbs of fire
  A Killer Klown (Zot:5)
  Saint Roka (Orc:2)
  A caustic shrike (Depths:3)
  A curse toe (Zot:4)
  3 golden dragons
  A profane servitor (Crypt:3)
  3 electric golems (Zot:4)
  3 tentacled monstrosities
  An Ice Fiend (D:8)
  A titan (Depths:3)
  16 Orb Guardians
  A lich (Crypt:3)
  3 quicksilver dragons
  2 deep elf blademasters (Elf:3)
  A deep elf master archer (Elf:3)
  4 tentacled starspawn
  2 death cobs
  4 ancient champions
  A sphinx (Vaults:3)
  3 tengu reavers
  3 storm dragons
  A draconian monk (Zot:5)
  3 shadow dragons
  A nagaraja (Vaults:3)
  2 daevas
  A revenant (Crypt:1)
  3 balrugs
  3 deep elf sorcerers
  5 fire giants
  5 vault wardens
  2 emperor scorpions (Spider:4)
  An iron dragon (Depths:4)
  4 draconian scorchers
  An orc warlord (Vaults:1)
  2 deep elf elementalists (Elf:3)
  A curse skull (Crypt:3)
  7 ironbound preservers
  3 ghouls
  A draconian annihilator (Zot:2)
  5 broodmothers
  A reaper (Depths:2)
  9 very ugly things
  4 stone giants
  12 slime creatures
  3 ironbound thunderhulks
  2 vampire knights
  5 deep elf demonologists
  6 dire elephants
  2 deep elf annihilators (Elf:3)
  2 black draconians
  4 purple draconians
  4 entropy weavers
  5 white draconians
  A yellow draconian (Zot:2)
  3 spark wasps
  3 red draconians
  4 ettins
  3 fire dragons
  5 merfolk javelineers
  2 merfolk impalers
  4 deep elf death magi
  3 deep elf high priests
  5 yaktaur captains
  5 rakshasas
  9 jiangshi
  2 great orbs of eyes (Vaults:1)
  A vault guard (Vaults:2)
  5 hydras
  3 ice dragons
  3 ironbound frosthearts
  4 centaur warriors
  2 spriggan air magi
  A two-headed ogre (D:11)
  2 merfolk avatars (Shoals:4)
  2 satyrs
  3 merfolk aquamancers
  A naga warrior (Abyss:3)
  3 deep troll earth magi (Depths:2)
  5 deep troll shamans
  2 alligator snapping turtles (Shoals:1)
  A death knight (Crypt:3)
  3 orc high priests
  2 spriggan berserkers (Depths:2)
  4 thrashing horrors
  4 hell knights
  Amaemon (Lair:2)
  2 sun demons (Abyss:3)
  A soul eater (Abyss:4)
  6 wretched stars (Abyss:3)
  11 large abominations
  6 skeletal warriors
  6 deep elf knights
  3 shadow wraiths
  3 glowing orange brains
  A sixfirhy (Abyss:3)
  21 deep trolls
  A cherub (D:2)
  2 iron trolls (Depths:2)
  3 pharaoh ants
  A deep troll (shapeshifter) (Vaults:3)
  10 sea snakes
  3 steelbarb worms
  7 orb spiders
  8 ironbound convokers
  7 necromancers
  A phantasmal warrior (Crypt:1)
  A lindwurm (Vaults:1)
  7 deep elf archers
  6 wizards
  6 orc knights
  12 starcursed masses
  2 wolf spiders
  A flayed ghost (Crypt:2)
  13 deep elf pyromancers
  A frost giant zombie (Depths:1)
  9 harpies
  13 deep elf zephyrmancers
  15 moths of wrath
  15 ugly things
  A shadow dragon skeleton (Crypt:1)
  A worldbinder (Abyss:3)
  3 mana vipers (WizLab)
  6 fauns
  3 orc sorcerers
  2 cyclopes
  12 manticores
  4 merfolk sirens
  6 nameless horrors
  11 vault sentinels
  A moth of wrath (shapeshifter) (Vaults:4)
  A dire elephant zombie (Lair:5)
  3 water nymphs
  2 guardian serpents
  2 black mambas
  Joseph (D:8)
  3 elephants
  4 cane toads
  An orange demon (Lair:2)
  A dire elephant skeleton (Lair:5)
  2 torpor snails
  Maggie (D:8)
  2 rime drakes
  5 tengu conjurers
  An iron troll zombie (Crypt:2)
  2 komodo dragons
  2 unseen horrors (D:11)
  20 yaktaurs
  A freezing wraith (Crypt:3)
  A demonic crawler (Spider:1)
  A red draconian skeleton (Crypt:2)
  A silent spectre (Abyss:4)
  4 ancient zymes
  19 merfolk
  A hellwing (Abyss:3)
  3 meliai
  3 trolls
  5 tarantellas
  3 wind drakes
  An alligator zombie (Crypt:1)
  A death drake skeleton (Crypt:2)
  2 raiju (Abyss:3)
  2 stone giant simulacra (Depths:1)
  10 dancing weapons
  A guardian serpent zombie (Crypt:1)
  8 blink frogs
  4 dream sheep
  2 air elementals
  4 shadows
  5 snapping turtles
  8 culicivoras
  2 jumping spiders
  A dire elephant simulacrum (Crypt:1)
  2 wraiths
  2 ynoxinuls
  2 vampires
  26 flying skulls
  14 water elementals
  13 small abominations
  4 wyverns
  A fire bat (shapeshifter) (Depths:2)
  13 yaks
  A vampire mosquito (D:12)
  A chaos spawn (D:6)
  A wind drake skeleton (Crypt:2)
  3 neqoxecs (Abyss:3)
  4 fire elementals
  16 redbacks
  2 basilisks
  A deep troll zombie (Crypt:1)
  A spectral cane toad (Lair:5)
  2 wargs (Orc:2)
  A naga (Abyss:3)
  3 acid dragons (D:11)
  8 water moccasins
  Duvessa (D:4)
  A floating eye (Depths:2)
  A sky beast (D:6)
  18 orc warriors
  6 black bears
  A floating eye zombie (Crypt:1)
  3 ice beasts
  4 ogres
  4 centaurs
  5 wolves
  2 boggarts (Vaults:1)
  2 phantoms
  2 elephant skeletons (Lair:5)
  A kobold brigand (D:7)
  Blork the orc (D:6)
  4 necrophages
  4 scorpions
  7 bullfrogs
  A cane toad simulacrum (Lair:5)
  11 wights
  Dowan (D:4)
  4 electric eels
  4 howler monkeys
  5 hounds
  3 jellies (D:6)
  A quasit (Abyss:3)
  15 orc priests
  A gnoll bouda (D:3)
  2 iron imps (Abyss:3)
  Jessica (D:2)
  Terence (D:3)
  2 iguanas (D:6)
  17 orc wizards
  A scorpion zombie (Crypt:1)
  A boggart skeleton (Crypt:2)
  A deep dwarf skeleton (Crypt:1)
  12 adders
  20 gnolls
  4 river rats
  A shadow imp (D:5)
  2 white imps
  2 ufetubi
  5 worms
  2 dart slugs
  64 orcs
  5 ball pythons
  6 endoplasms
  5 giant cockroaches
  4 goblins
  8 hobgoblins
  9 jackals
  13 kobolds
  6 quokkas
  7 bats
  4 frilled lizards
  A goblin zombie (Crypt:1)
  A hobgoblin zombie (Crypt:2)
  8 rats
  A starspawn tentacle (Abyss:3)
  2 tentacles (Shoals:2)
1123 creatures vanquished.

Vanquished Creatures (collateral kills)
  5 orbs of fire
  Mara (Spider:3)
  A juggernaut (Depths:3)
  Bai Suzhen (Crypt:1)
  A Head Instructor (WizLab)
  2 Killer Klowns
  Xtahua (Vaults:3)
  2 curse toes
  4 caustic shrikes
  2 golden dragons (Zot:3)
  Jory (Crypt:2)
  5 bone dragons
  A Brimstone Fiend (D:2)
  4 electric golems
  2 hellephants
  Jorgrun (Shoals:1)
  Rupert (Lair:5)
  8 tentacled monstrosities
  Mlioglotl (Spider:2)
  A titan (Vaults:3)
  Asterion (Vaults:3)
  2 liches
  9 Orb Guardians (Zot:5)
  A deep elf master archer (Elf:3)
  4 death cobs
  2 Executioners
  4 ancient champions
  A kraken (Shoals:2)
  4 quicksilver dragons
  2 sphinxes
  Gastronok (Lair:3)
  8 tentacled starspawn
  Donald (Spider:2)
  6 shadow dragons
  Agnes (D:14)
  Kirke (D:14)
  4 tengu reavers
  5 storm dragons
  5 draconian monks
  A nagaraja (Abyss:4)
  Ilsuiw (Shoals:4)
  A revenant (Crypt:3)
  3 frost giants
  3 fire giants
  3 ghost moths
  5 draconian scorchers
  4 deep elf sorcerers
  4 emperor scorpions
  Aizul (Spider:3)
  4 draconian knights
  A spectral juggernaut (Crypt:3)
  2 draconian shifters (Zot:2)
  2 vault wardens
  4 orc warlords
  A cacodemon (Abyss:3)
  A deep elf elementalist (Elf:3)
  2 balrugs
  4 ironbound preservers
  4 broodmothers
  A draconian stormcaller (Zot:1)
  4 ghouls
  3 spectral caustic shrikes (Depths:1)
  A reaper (Crypt:2)
  2 curse skulls
  A spriggan defender (Depths:2)
  11 very ugly things
  2 draconian annihilators
  2 ironbound thunderhulks (Vaults:3)
  An ophan (Abyss:3)
  3 deep elf demonologists (Elf:3)
  6 stone giants
  4 vampire knights
  5 black draconians
  4 deep elf annihilators (Elf:3)
  6 green draconians
  4 yellow draconians (Zot:2)
  An entropy weaver (Spider:1)
  2 spark wasps
  8 purple draconians
  3 white draconians
  5 red draconians
  6 dire elephants
  3 eidola
  A green death (Abyss:3)
  A blizzard demon (Zot:5)
  4 ettins
  3 deep elf death magi
  14 jiangshi
  4 merfolk javelineers
  2 deep elf high priests
  6 merfolk impalers
  5 fire dragons
  5 yaktaur captains
  Josephine (D:13)
  2 ice dragons
  A hell beast (Depths:4)
  5 great orbs of eyes
  6 hydras
  A caustic shrike simulacrum (Crypt:3)
  3 rakshasas
  3 ironbound frosthearts
  13 vault guards
  A quicksilver dragon skeleton (Crypt:1)
  An ogre mage (Vaults:3)
  A spriggan skeleton (Abyss:4)
  A radroach (Spider:2)
  2 jorogumos
  A merfolk aquamancer (Shoals:2)
  A boulder beetle (D:13)
  2 merfolk avatars
  3 spriggan air magi
  2 satyrs
  4 centaur warriors
  4 two-headed ogres
  3 death knights
  4 deep troll earth magi
  3 tengu warriors
  5 vampire magi
  A death yak (Lair:5)
  A hell hog (Abyss:3)
  2 deep troll shamans
  8 dancing weapons
  12 thrashing horrors
  2 spriggan berserkers
  The ghost of BigDaddyOpFi the Nimble, a journeyman FeSu of Gozag (Lair:2)
  A soul eater (Depths:4)
  4 hell knights
  6 deep elf knights
  19 skeletal warriors
  4 iron trolls
  A spectral death yak (Lair:5)
  7 sun demons
  A sun moth (Spider:4)
  3 flayed ghosts
  9 wretched stars
  7 pharaoh ants
  3 shadow wraiths
  An anaconda zombie (Abyss:3)
  2 sea snakes (Shoals:4)
  A sixfirhy (Abyss:4)
  3 glowing orange brains
  23 deep trolls
  A quicksilver dragon simulacrum (Depths:4)
  6 steelbarb worms
  3 lindwurms (Vaults:1)
  A spectral anaconda (Lair:5)
  5 orb spiders
  5 ironbound convokers
  A bog body (Crypt:1)
  2 phantasmal warriors (Crypt:2)
  5 deep elf archers
  2 wizards
  15 deep elf zephyrmancers
  11 orc knights
  6 necromancers
  14 deep elf pyromancers
  An oklob plant (D:11)
  11 harpies
  2 mana vipers (WizLab)
  8 manticores
  2 cyclopes
  11 wolf spiders
  2 fauns
  19 ugly things
  14 moths of wrath
  4 worldbinders
  A black mamba (Lair:5)
  8 elephants
  A water nymph (Shoals:2)
  A black mamba (shapeshifter) (Abyss:3)
  A guardian serpent (Abyss:4)
  3 apocalypse crabs
  A salamander (Abyss:3)
  4 merfolk sirens
  3 smoke demons
  2 gargoyles
  A dire elephant zombie (Lair:5)
  10 vault sentinels
  2 torpor snails
  10 cane toads
  A yaktaur zombie (Vaults:1)
  A spriggan zombie (Depths:1)
  A rime drake (Lair:3)
  A minotaur zombie (Crypt:2)
  An efreet (D:14)
  16 yaktaurs
  5 demonic crawlers
  A tormentor (Abyss:3)
  3 freezing wraiths
  3 ancient zymes
  4 tengu conjurers
  A hellwing (Zot:2)
  5 komodo dragons
  A grey draconian skeleton (Crypt:2)
  An ice devil (Zot:1)
  A spectral naga (Crypt:3)
  A troll (Orc:1)
  3 meliai
  A polar bear (Lair:4)
  2 wind drakes
  17 tarantellas
  8 raiju
  14 blink frogs
  7 slime creatures
  A nameless horror (Orc:2)
  8 merfolk
  A harpy skeleton (Crypt:1)
  A spectral elephant (Lair:5)
  8 snapping turtles
  16 small abominations
  8 jumping spiders
  A spriggan (Lair:4)
  9 culicivoras
  34 flying skulls
  6 water elementals
  2 shadows (Crypt:3)
  17 starcursed masses
  11 wraiths
  A culicivora (shapeshifter) (D:14)
  2 air elementals
  A basilisk (Lair:5)
  6 ynoxinuls
  8 large abominations
  3 hogs (D:14)
  A fire bat (Abyss:1)
  A fire elemental (Elf:1)
  5 neqoxecs
  A chaos spawn (Abyss:3)
  32 yaks
  A vampire mosquito (D:12)
  An alligator snapping turtle simulacrum (Crypt:3)
  A yaktaur simulacrum (Vaults:1)
  29 redbacks
  A death yak simulacrum (Lair:5)
  5 wargs
  A naga (Abyss:3)
  An acid dragon (D:13)
  A spectral cane toad (Lair:5)
  5 water moccasins
  A floating eye (shapeshifter) (D:15)
  An ice beast (D:8)
  31 orc warriors
  A black bear (Lair:1)
  A human zombie (Vaults:1)
  A demonspawn skeleton (Crypt:2)
  8 ogres
  A manticore skeleton (Crypt:1)
  9 wolves
  2 elephant skeletons (Lair:5)
  A human skeleton (Vaults:1)
  5 centaurs
  2 bullfrogs
  4 earth elementals
  A kobold brigand (D:8)
  A gnoll sergeant (D:11)
  4 necrophages
  5 howler monkeys
  A vampire bat (Lair:2)
  2 quasits (Abyss:3)
  2 iron imps
  A jelly (D:4)
  5 orc priests
  A hound (D:6)
  A gnoll bouda (D:6)
  9 orc wizards
  4 hell rats (Lair:5)
  7 gnolls
  An adder (D:5)
  4 river rats (Lair:5)
  A white imp (D:7)
  A worm (D:5)
  34 orcs
  3 bats (Lair:2)
  A goblin (D:4)
  A jackal (D:5)
  3 kobolds
  A lurking horror (Abyss:4)
  5 starspawn tentacles
  A tentacle (Shoals:2)
1182 creatures vanquished.

Vanquished Creatures (others)
  A sphinx (Vaults:2)
  An orc warlord (Vaults:1)
  A frost giant (Depths:2)
  Louise (Spider:2)
  An ironbound preserver (Vaults:2)
  2 very ugly things
  2 slime creatures
  A stone giant (Depths:2)
  A yellow draconian (Zot:2)
  2 dire elephants (Vaults:1)
  2 merfolk impalers (Shoals:2)
  A boulder beetle (D:13)
  2 vault guards (Vaults:3)
  Erica (D:8)
  2 centaur warriors
  A radroach (Spider:2)
  2 deep troll shamans
  2 deep elf knights (Elf:3)
  A pharaoh ant (Spider:4)
  Lodul (D:11)
  A sea snake (Shoals:2)
  3 deep trolls
  A deep elf pyromancer (Elf:2)
  A deep elf archer (Elf:2)
  A harpy (Shoals:4)
  2 lindwurms (Vaults:1)
  3 wolf spiders
  3 ugly things
  A faun (Shoals:2)
  An elephant (Lair:5)
  A vault sentinel (Vaults:1)
  A cane toad (Lair:4)
  A kobold demonologist (D:11)
  2 komodo dragons
  A freezing wraith (D:12)
  2 trolls
  A tarantella (Spider:4)
  A raiju (Abyss:3)
  A jumping spider (Spider:4)
  A vampire (D:6)
  3 water elementals
  9 yaks
  4 vampire mosquitoes (D:12)
  9 dancing weapons
  A spectral cane toad (Lair:5)
  A small abomination (Abyss:3)
  2 acid dragons (D:8)
  A sky beast (D:8)
  5 orc warriors
  3 ogres (D:11)
  A wolf (Lair:1)
  A boggart (Vaults:1)
  2 centaurs
  2 kobold brigands (D:11)
  5 wights
  An elephant simulacrum (Lair:5)
  A quasit (Abyss:3)
  An orc priest (D:12)
  2 ancestors (D:8)
  64 battlemagi
  An orc wizard (Orc:1)
  2 gnolls
  9 orcs
  A bat (Lair:2)
  2 kobolds (D:7)
  A quokka skeleton (Crypt:2)
  25 fungi
  67 plants
  21 starspawn tentacles
  5 tentacles (Shoals:2)
  18 withered plants (Lair:5)
327 creatures vanquished.

Grand Total: 2632 creatures vanquished

Notes
Turn   | Place    | Note
-------+----------+-------------------------------------------
     0 | D:1      | sleeves the Djinni Gladiator began the quest for the Orb.
     0 | D:1      | Reached XP level 1. HP: 18/18 MP: 0/0
   489 | D:1      | Reached XP level 2. HP: 21/23 MP: 0/0
   536 | D:1      | Reached skill level 3 in Polearms
   614 | D:1      | Found a faded altar of an unknown god.
  1107 | D:2      | Reached XP level 3. HP: 28/28 MP: 0/0
  1107 | D:2      | Learned a level 1 spell: Sting
  1139 | D:2      | Noticed Jessica
  1144 | D:2      | Killed Jessica
  1145 | D:2      | Reached skill level 1 in Spellcasting
  1145 | D:2      | Reached XP level 4. HP: 33/33 MP: 0/0
  1636 | D:3      | Reached XP level 5. HP: 38/38 MP: 0/0
  1636 | D:3      | Learned a level 2 spell: Call Imp
  1669 | D:3      | Noticed Terence
  1688 | D:3      | Killed Terence
  1689 | D:3      | Reached skill level 2 in Spellcasting
  1891 | D:3      | Noticed a black bear
  1902 | D:3      | Killed a black bear
  1903 | D:3      | Reached skill level 4 in Polearms
  1903 | D:3      | Reached XP level 6. HP: 30/43 MP: 0/0
  2414 | D:3      | Noticed a water moccasin
  2437 | D:3      | Killed a water moccasin
  2438 | D:3      | Reached skill level 3 in Spellcasting
  2832 | D:4      | Reached XP level 7. HP: 49/49 MP: 0/0
  2832 | D:4      | Learned a level 3 spell: Summon Guardian Golem
  2919 | D:3      | HP: 23/49 [gnoll/+0 flail[a gnoll bouda] (7)]
  2930 | D:3      | HP: 23/49 [gnoll/+0 club[a gnoll bouda] (4)]
  3018 | D:4      | Noticed Duvessa
  3020 | D:4      | Noticed Dowan
  3145 | D:4      | Reached skill level 5 in Polearms
  3148 | D:4      | HP: 23/49 [jelly (2)]
  3292 | D:4      | Killed Duvessa
  3293 | D:4      | Reached skill level 4 in Spellcasting
  3293 | D:4      | Reached XP level 8. HP: 46/54 MP: 0/0
  3296 | D:4      | Killed Dowan
  3541 | D:4      | Found a sparkling altar of Nemelex Xobeh.
  3664 | D:5      | Entered Level 5 of the Dungeon
  3767 | D:5      | Reached skill level 6 in Polearms
  3971 | D:5      | You are sucked into a shaft and drop 2 floors!
  4009 | D:6      | Found a large runed translucent door.
  4010 | D:6      | Found a large runed translucent door.
  4015 | D:6      | Found a large runed translucent door.
  4015 | D:6      | Found a large runed translucent door.
  4016 | D:6      | Noticed a two-headed ogre
  4016 | D:6      | Noticed a wyvern
  4016 | D:6      | Found the +2 Maxwell's thermic engine {flame, freeze}
  4050 | D:6      | Reached skill level 5 in Spellcasting
  4121 | D:6      | HP: 23/54 [ice beast (16)]
  4170 | D:6      | Noticed Blork the orc
  4183 | D:6      | Killed Blork the orc
  4246 | D:6      | Reached XP level 9. HP: 57/58 MP: 0/0
  4246 | D:6      | Learned a level 3 spell: Tukima's Dance
  4317 | D:6      | Reached skill level 7 in Polearms
  4325 | D:6      | HP: 22/58 [orc priest/divine providence (8)]
  4580 | D:5      | Found a staircase to the Ecumenical Temple.
  4612 | Temple   | Entered the Ecumenical Temple
  4789 | Temple   | Became a worshipper of Hepliaklqana the Forgotten
  4915 | D:6      | Reached skill level 6 in Spellcasting
  4996 | D:6      | Found a broken altar of Ashenzari.
  5244 | D:6      | Found a white marble altar of Elyvilon.
  5418 | D:6      | HP: 27/58 [vampire (9)]
  5528 | D:6      | Reached skill level 8 in Polearms
  5686 | D:6      | Reached skill level 7 in Spellcasting
  5686 | D:6      | Reached XP level 10. HP: 53/64 MP: 0/0
  5909 | D:7      | Reached skill level 9 in Polearms
  6042 | D:7      | Reached * piety under Hepliaklqana
  6114 | D:7      | Found a glowing silver altar of Zin.
  6141 | D:7      | Found a stormy altar of Qazlal.
  6467 | D:8      | Noticed Erica
  6479 | D:8      | Killed Erica
  6480 | D:8      | Reached skill level 8 in Spellcasting
  6551 | D:8      | HP: 28/57 [acid dragon/splash of acid (11)]
  6577 | D:8      | HP: 22/57 [wyvern (10)]
  6716 | D:8      | Found an iron altar of Okawaru.
  6770 | D:8      | Found a bloodstained altar of Trog.
  6786 | D:8      | Noticed Maggie
  6793 | D:8      | Gained mutation: Potions are less effective at restoring
                  | your health. [potion of mutation]
  6820 | D:8      | HP: 27/57 [themself] (3)]
  6825 | D:8      | Noticed Joseph
  6827 | D:8      | Killed Maggie
  6827 | D:8      | HP: 19/57 [Joseph/sling bullet (5)]
  6828 | D:8      | Reached XP level 11. HP: 19/61 MP: 0/0
  6828 | D:8      | Learned a level 5 spell: Yara's Violent Unravelling
  6869 | D:8      | HP: 26/61 [Joseph/sling bullet (14)]
  6875 | D:8      | Killed Joseph
  6923 | D:8      | Lost mutation: Potions are less effective at restoring your
                  | health. [potion of mutation]
  6923 | D:8      | Gained mutation: You are agile. (Dex +4, Str/Int -1)
                  | [potion of mutation]
  6923 | D:8      | Gained mutation: You occasionally lose the ability to drink
                  | potions when taking damage. [potion of mutation]
  6923 | D:8      | Gained mutation: You have a pair of small antennae on your
                  | head. [potion of mutation]
  6924 | D:8      | Lost mutation: You occasionally lose the ability to drink
                  | potions when taking damage. [potion of mutation]
  6924 | D:8      | Lost mutation: You have a pair of small antennae on your
                  | head. [potion of mutation]
  6924 | D:8      | Gained mutation: You passively dampen the noise of your
                  | surroundings. [potion of mutation]
  6924 | D:8      | Gained mutation: You are partially covered in iridescent
                  | scales. (AC +2) [potion of mutation]
  6924 | D:8      | Gained mutation: You possess an exceptional clarity of
                  | mind. [potion of mutation]
  6965 | D:8      | Found a blossoming altar of Fedhas.
  6982 | D:8      | Reached ** piety under Hepliaklqana
  6983 | D:8      | Remembered your ancestor Ano as a battlemage
  7050 | D:8      | Found a basalt altar of Yredelemnul.
  7293 | D:9      | Reached skill level 10 in Polearms
  7447 | D:9      | Noticed a two-headed ogre
  7456 | D:9      | Killed a two-headed ogre
  7457 | D:9      | Reached skill level 1 in Armour
  7988 | D:10     | Entered Level 10 of the Dungeon
  8037 | D:10     | Reached skill level 4 in Dodging
  8184 | D:10     | Reached *** piety under Hepliaklqana
  8283 | D:10     | Noticed a manticore
  8298 | D:10     | Killed a manticore
  8299 | D:10     | Reached skill level 3 in Fighting
  8299 | D:10     | Reached skill level 2 in Armour
  8299 | D:10     | Reached skill level 1 in Shields
  8321 | D:10     | Reached skill level 9 in Spellcasting
  8324 | D:10     | Reached skill level 1 in Invocations
  8581 | D:10     | Reached skill level 2 in Shields
  8903 | D:11     | Noticed a two-headed ogre
  8912 | D:11     | Killed a two-headed ogre
  8913 | D:11     | Reached skill level 3 in Armour
  8913 | D:11     | Reached skill level 2 in Invocations
  8951 | D:11     | Found a staircase to the Lair.
  8951 | D:11     | Noticed an oklob plant
  8988 | D:11     | Reached skill level 4 in Fighting
  8988 | D:11     | Reached XP level 12. HP: 65/70 MP: 0/0
  8990 | D:11     | Noticed Lodul
  9026 | D:11     | HP: 28/70 [Lodul/bolt of lightning (24)]
  9028 | D:11     | Killed Lodul
  9029 | D:11     | Reached skill level 3 in Shields
  9136 | D:11     | Reached skill level 3 in Invocations
  9231 | D:11     | Reached skill level 4 in Armour
  9391 | Lair:1   | Entered Level 1 of the Lair of Beasts
  9428 | Lair:1   | Reached skill level 4 in Shields
  9469 | Lair:1   | Reached skill level 5 in Fighting
  9518 | Lair:1   | Reached skill level 4 in Invocations
  9710 | Lair:1   | Reached skill level 5 in Armour
  9721 | Lair:1   | Reached skill level 11 in Polearms
  9794 | Lair:1   | Reached XP level 13. HP: 64/77 MP: 0/0
  9794 | Lair:1   | Learned a level 5 spell: Fireball
  9812 | Lair:1   | Reached **** piety under Hepliaklqana
  9921 | Lair:1   | Reached skill level 5 in Shields
  9921 | Lair:1   | Reached skill level 5 in Invocations
 10297 | Lair:1   | Reached skill level 6 in Fighting
 10470 | Lair:2   | Noticed Amaemon
 10502 | Lair:2   | Killed Amaemon
 10513 | Lair:2   | Identified a scroll of acquirement
 10514 | Lair:2   | Acquired a manual of Shields
 10579 | Lair:2   | Reached skill level 6 in Armour
 10632 | Lair:2   | Found a runed translucent door.
 10632 | Lair:2   | Noticed BigDaddyOpFi's ghost (journeyman FeSu)
 10659 | Lair:2   | Noticed a four-headed hydra
 10662 | Lair:2   | Noticed an eight-headed hydra
 10672 | Lair:2   | HP: 38/79 [four-headed hydra (11)]
 10673 | Lair:2   | HP: 13/79 [eight-headed hydra (12)]
 10675 | Lair:2   | Killed a four-headed hydra
 11023 | Lair:2   | Killed an eight-headed hydra
 11024 | Lair:2   | Reached skill level 6 in Shields
 11024 | Lair:2   | Reached skill level 10 in Spellcasting
 11295 | Lair:2   | Killed BigDaddyOpFi's ghost
 11438 | Lair:3   | Found a staircase to the Shoals.
 11556 | Lair:3   | Reached ***** piety under Hepliaklqana
 11562 | Lair:3   | Noticed Gastronok
 11658 | Lair:3   | Killed Gastronok
 11659 | Lair:3   | Reached skill level 6 in Invocations
 11816 | Lair:3   | Reached skill level 7 in Fighting
 11931 | Lair:3   | Found a hole to the Spider Nest.
 12013 | Lair:3   | Reached skill level 7 in Shields
 12192 | Lair:4   | Noticed a four-headed hydra
 12199 | Lair:4   | Killed a four-headed hydra
 12307 | Lair:4   | Reached XP level 14. HP: 84/86 MP: 0/0
 12444 | Lair:4   | Identified the +3 leather armour "Zeret" {rPois}
 12623 | Lair:4   | Found a viscous altar of Jiyva.
 12624 | Lair:4   | Found a staircase to the Slime Pits.
 12781 | Lair:5   | Entered Level 5 of the Lair of Beasts
 12781 | Lair:5   | Noticed Rupert
 12786 | Lair:5   | Killed Rupert
 12787 | Lair:5   | Reached skill level 7 in Armour
 12792 | Lair:5   | HP: 34/86 [cane toad (18)]
 12801 | Lair:5   | Reached skill level 8 in Shields
 13032 | Lair:5   | Reached skill level 7 in Invocations
 13355 | Lair:5   | Reached ****** piety under Hepliaklqana
 13408 | Lair:5   | Reached skill level 8 in Fighting
 13490 | Lair:5   | Reached skill level 9 in Shields
 13554 | Lair:5   | Reached skill level 12 in Polearms
 13865 | Lair:5   | Noticed a dire elephant
 13865 | Lair:5   | Noticed a dire elephant
 14029 | Lair:5   | Reached skill level 8 in Armour
 14064 | Lair:5   | Identified the +2 falchion "Niunup" {venom, rF+ Will-
                  | Str+4}
 14158 | Lair:5   | Reached XP level 15. HP: 69/93 MP: 0/0
 14158 | Lair:5   | Learned a level 6 spell: Summon Cactus Giant
 14300 | Lair:5   | HP: 37/93 [elephant (11)]
 14538 | Lair:5   | Reached skill level 10 in Shields
 14538 | Lair:5   | Reached skill level 8 in Invocations
 14982 | D:12     | Reached skill level 9 in Fighting
 15055 | D:12     | Reached skill level 11 in Spellcasting
 15370 | D:12     | Reached skill level 9 in Armour
 15645 | D:12     | Found a staircase to the Orcish Mines.
 15843 | Orc:1    | Entered Level 1 of the Orcish Mines
 16260 | Orc:2    | Entered Level 2 of the Orcish Mines
 16260 | Orc:2    | Found a gate leading to a gauntlet.
 16263 | Orc:2    | Noticed an orc warlord
 16272 | Orc:2    | HP: 25/95 [orc warrior/+0 glaive[an orc warlord] (25)]
 16487 | D:13     | Found the +7 Singing Sword {vorpal, sonic wave}
 16532 | D:13     | Found a gate to the Vaults.
 17004 | D:13     | Noticed Josephine
 17007 | D:13     | Killed Josephine
 17072 | D:14     | Reached skill level 10 in Fighting
 17113 | D:14     | Acquired the +2 cloak of Acedirr {rElec rCorr}
 17189 | D:14     | Reached XP level 16. HP: 77/101 MP: 0/0
 17227 | D:14     | Noticed Kirke
 17227 | D:14     | Noticed Agnes
 17243 | D:14     | Killed Kirke
 17244 | D:14     | Reached skill level 13 in Polearms
 17244 | D:14     | Reached skill level 10 in Armour
 17246 | D:14     | Killed Agnes
 17864 | D:14     | Identified Roxanne's Folio of Transmigration
 17864 | D:14     | Noticed Roxanne
 18077 | D:15     | Entered Level 15 of the Dungeon
 18519 | D:15     | Reached skill level 12 in Spellcasting
 18965 | D:15     | Found a staircase to the Depths.
 19174 | Spider:1 | Entered Level 1 of the Spider Nest
 19447 | Spider:1 | Reached skill level 14 in Polearms
 19482 | Spider:1 | Noticed an emperor scorpion
 19498 | Spider:1 | Killed an emperor scorpion
 19775 | Spider:1 | HP: 38/101 [disintegration (63)]
 19784 | Spider:1 | Reached skill level 13 in Spellcasting
 20673 | Spider:2 | Noticed an emperor scorpion
 20683 | Spider:2 | Reached XP level 17. HP: 102/107 MP: 0/0
 20683 | Spider:2 | Learned a level 7 spell: Spellforged Servitor
 20764 | Spider:2 | Noticed Donald
 20782 | Spider:2 | Killed Donald
 20981 | Spider:2 | Noticed Mlioglotl
 20988 | Spider:2 | Killed Mlioglotl
 21213 | Spider:2 | Noticed Louise
 21225 | Spider:2 | Killed Louise
 21358 | Spider:3 | Reached skill level 11 in Shields
 21647 | Spider:3 | Noticed Aizul
 21661 | Spider:3 | Killed Aizul
 21720 | Spider:3 | HP: 35/95 [jorogumo/bolt of negative energy (27)]
 21953 | Spider:3 | Noticed Mara
 21971 | Spider:3 | Noticed sleeves's illusion
 21990 | Spider:3 | Killed Mara
 22241 | Spider:3 | Reached skill level 12 in Shields
 22363 | Spider:4 | Entered Level 4 of the Spider Nest
 22367 | Spider:3 | Reached skill level 11 in Fighting
 22504 | Spider:4 | Reached skill level 14 in Spellcasting
 22682 | Spider:4 | HP: 52/108 [tarantella (11)]
 22811 | Spider:4 | Reached skill level 13 in Shields
 22946 | Spider:4 | Reached XP level 18. HP: 110/115 MP: 0/0
 23355 | Spider:4 | Reached skill level 12 in Fighting
 23413 | Spider:4 | Got a gossamer rune of Zot
 23414 | Spider:4 | Identified the +0 pair of boots of Opsenwid {*Corrode rC+
                  | Int+4}
 23444 | Spider:4 | Reached skill level 14 in Shields
 24007 | Shoals:1 | Entered Level 1 of the Shoals
 24007 | Shoals:1 | Noticed Jorgrun
 24018 | Shoals:1 | Killed Jorgrun
 24084 | Shoals:1 | Reached skill level 5 in Dodging
 24541 | Shoals:1 | Reached skill level 6 in Dodging
 25067 | Shoals:2 | Reached skill level 13 in Fighting
 25085 | Shoals:2 | HP: 49/118 [wind drake/the air (25)]
 25237 | Shoals:2 | Reached skill level 7 in Dodging
 25261 | Shoals:2 | Found a flickering gateway to a bazaar.
 25310 | Bazaar   | Entered a bazaar
 25310 | Bazaar   | Found Soppu's General Store.
 25310 | Bazaar   | Found Novak Kox's Book Emporium.
 25310 | Bazaar   | Found Fuokew's Book Emporium.
 25310 | Bazaar   | Found Lazene's Magic Scroll Shoppe.
 25330 | Bazaar   | Bought a scroll of enchant armour for 75 gold pieces
 25330 | Bazaar   | Bought a scroll of enchant armour for 75 gold pieces
 25330 | Bazaar   | Bought a scroll of enchant armour for 75 gold pieces
 25332 | Bazaar   | Bought a manual of Armour for 1280 gold pieces
 25334 | Bazaar   | Bought a scroll of brand weapon for 95 gold pieces
 25334 | Bazaar   | Bought a scroll of teleportation for 30 gold pieces
 25342 | Bazaar   | Bought a scroll of brand weapon for 114 gold pieces
 25385 | Shoals:2 | Reached XP level 19. HP: 98/124 MP: 0/0
 25385 | Shoals:2 | Learned a level 7 spell: Enfeeble
 25637 | Shoals:2 | Reached skill level 15 in Spellcasting
 26474 | Shoals:3 | Reached skill level 8 in Dodging
 26717 | Shoals:3 | Reached skill level 11 in Armour
 26877 | Shoals:3 | Found Hoebluce's Gadget Gallery.
 27084 | Shoals:4 | Entered Level 4 of the Shoals
 27130 | Shoals:4 | HP: 42/125 [merfolk/boomerang[a merfolk javelineer] (18)]
 27755 | Shoals:4 | Noticed Ilsuiw
 27771 | Shoals:4 | Killed Ilsuiw
 27974 | Shoals:4 | HP: 61/125 [merfolk javelineer/silver javelin (7)]
 27976 | Shoals:4 | Reached skill level 14 in Fighting
 27976 | Shoals:4 | Reached skill level 12 in Armour
 27976 | Shoals:4 | Reached skill level 9 in Dodging
 27980 | Shoals:4 | HP: 43/126 [something/ball of steam (5)]
 27987 | Shoals:4 | Got a barnacled rune of Zot
 28270 | Shoals:4 | Identified the ring of Mium {rElec rC+++ rN+ Int+2 Dex-4}
 28538 | Shoals:4 | Identified the +8 spear of Layceerph {pain, rPois Int-5
                  | Dex+7 SInv}
 28772 | Vaults:1 | Entered Level 1 of the Vaults
 29015 | Vaults:1 | HP: 61/126 [yaktaur/bolt[a vault warden] (16)]
 29025 | Vaults:1 | Reached XP level 20. HP: 95/133 MP: 0/0
 29027 | Vaults:1 | HP: 66/133 [yaktaur[a vault warden] (6)]
 29034 | Vaults:1 | HP: 63/133 [white ugly thing[a wizard] (7)]
 29058 | Vaults:1 | Reached skill level 13 in Armour
 29247 | Vaults:1 | Found a transporter.
 29259 | Vaults:1 | Found a transporter.
 29335 | Vaults:1 | HP: 62/133 [dire elephant (30)]
 29459 | Vaults:1 | Reached skill level 10 in Dodging
 29924 | Vaults:1 | HP: 41/133 [orc warlord/bolt (28)]
 29930 | Vaults:1 | HP: 26/133 [ironbound frostheart/creeping frost (20)]
 29936 | Vaults:1 | HP: 18/133 [ironbound frostheart/creeping frost (9)]
 30304 | Vaults:1 | HP: 59/133 [centaur warrior/arrow (10)]
 30309 | Vaults:1 | HP: 29/133 [centaur warrior/arrow (11)]
 30316 | Vaults:1 | Reached skill level 14 in Armour
 30316 | Vaults:1 | HP: 35/133 [themself (2)]
 30426 | Vaults:1 | Reached skill level 9 in Invocations
 30545 | Vaults:1 | Reached skill level 15 in Fighting
 30554 | Vaults:1 | HP: 52/134 [dire elephant (22)]
 30560 | Vaults:1 | HP: 50/134 [dire elephant (3)]
 31028 | Vaults:2 | Reached skill level 15 in Armour
 31110 | Vaults:2 | Reached skill level 16 in Spellcasting
 31384 | Vaults:2 | Reached skill level 10 in Invocations
 31488 | Vaults:2 | Noticed an Ice Fiend
 31647 | Vaults:2 | Found Peazal's Jewellery Emporium.
 31714 | Vaults:2 | Reached XP level 21. HP: 137/139 MP: 0/0
 31714 | Vaults:2 | Learned a level 8 spell: Disjunction
 31936 | Vaults:3 | Found Fuupeji's Antique Weapon Boutique.
 32391 | Vaults:3 | Noticed a bone dragon
 32427 | Vaults:3 | Killed a bone dragon
 32428 | Vaults:3 | Reached skill level 16 in Armour
 32465 | Vaults:3 | Found a staircase to the Crypt.
 32607 | Vaults:3 | Reached skill level 11 in Invocations
 33319 | Vaults:3 | Reached skill level 12 in Invocations
 33348 | Vaults:3 | HP: 65/139 [titan/bolt of lightning (11)]
 33527 | Vaults:3 | HP: 7/139 [disintegration (99)]
 33792 | Vaults:3 | Reached skill level 17 in Spellcasting
 33921 | Vaults:3 | Noticed Asterion
 33927 | Vaults:3 | HP: 69/139 [Executioner[a Zot trap] (14)]
 33931 | Vaults:3 | Killed Asterion
 33932 | Vaults:3 | Reached XP level 22. HP: 57/144 MP: 0/0
 34235 | Vaults:3 | Noticed Xtahua
 34242 | Vaults:3 | Killed Xtahua
 35237 | Vaults:4 | Reached skill level 13 in Invocations
 36015 | Orc:2    | Found Nihehol's Distillery.
 36272 | Orc:2    | Found Sosuhotu's Jewellery Shop.
 36474 | Orc:2    | Found Zuhoumum's Assorted Antiques.
 36524 | Orc:2    | Noticed Saint Roka
 36532 | Orc:2    | Killed Saint Roka
 36602 | Orc:2    | Found Unwor's Antique Weapon Boutique.
 36605 | Orc:2    | Found Astruxt's Antique Armour Shop.
 36702 | Orc:2    | Found a staircase to the Elven Halls.
 36889 | Orc:2    | Found Cilutzoe's Weapon Shop.
 36937 | Orc:2    | Found Numut's Antique Armour Shop.
 37569 | Elf:1    | Entered Level 1 of the Elven Halls
 37731 | Elf:1    | Paralysed by an air elemental for 1 turns
 37896 | Elf:1    | Paralysed by an air elemental for 1 turns
 38317 | Elf:1    | Reached skill level 1 in Stealth
 38624 | Elf:2    | Reached skill level 16 in Fighting
 38667 | Elf:2    | Reached skill level 2 in Stealth
 38834 | Elf:2    | Reached skill level 14 in Invocations
 39083 | Elf:2    | Found a runed translucent gate.
 39087 | Elf:2    | Found a runed translucent gate.
 39087 | Elf:2    | Found a runed translucent gate.
 39128 | Elf:2    | Reached skill level 3 in Stealth
 39388 | Elf:3    | Entered Level 3 of the Elven Halls
 39394 | Elf:3    | Found a magical portal.
 39406 | WizLab   | Entered Yara's Duelist Academy
 39556 | WizLab   | Reached skill level 4 in Stealth
 39632 | WizLab   | Reached XP level 23. HP: 149/152 MP: 0/0
 39632 | WizLab   | Learned a level 7 spell: Dragon Form
 39745 | WizLab   | Noticed Ecreg
 39751 | WizLab   | Killed Ecreg the Head Instructor
 39791 | WizLab   | Reached skill level 5 in Stealth
 39794 | WizLab   | HP: 66/152 [vampire knight/+0 antimagic bardiche (17)]
 40095 | Elf:3    | Found Tisan's Armour Shop.
 40132 | Elf:3    | Reached skill level 18 in Spellcasting
 40179 | Elf:3    | HP: 64/152 [deep elf annihilator/crystal spear (44)]
 40495 | Elf:3    | Reached skill level 6 in Stealth
 40992 | Elf:3    | Identified the ring of the Two Names {Wiz Dex+3 Slay+2}
 41032 | Elf:3    | Reached skill level 7 in Stealth
 41036 | Elf:3    | Identified the +5 plate armour "Elipp" {+Inv Will+ rCorr}
 41051 | Elf:3    | HP: 63/152 [deep elf master archer/arrow (18)]
 41160 | Elf:3    | Found the +3 pair of seven-league boots {Rampage+∞}
 41289 | Elf:3    | HP: 75/152 [themself] (4)]
 41375 | Elf:3    | Identified the +8 shortbow "Fomnegon" {flame, rCorr}
 41377 | Elf:3    | Identified the ring of Eqaylimuuni {rF+ rN+}
 41392 | Elf:3    | Identified the +10 arbalest of Doom {elec, rF+ rN+}
 41396 | Elf:3    | Identified the +8 falchion of Conscience {vorpal, +Blink
                  | Int+4 Dex+2}
 41398 | Elf:3    | Identified the +7 chain mail of Amorality {Int+6 Dex+2}
 41803 | Crypt:1  | Entered Level 1 of the Crypt
 42289 | Crypt:1  | Found a basalt altar of Yredelemnul.
 42306 | Crypt:1  | Noticed Bai Suzhen
 42313 | Crypt:1  | Reached skill level 8 in Stealth
 42314 | Crypt:1  | Killed Bai Suzhen
 42677 | Crypt:1  | HP: 71/152 [ghoul (12)]
 42758 | Crypt:2  | HP: 69/152 [vampire knight/+0 great sword (23)]
 42848 | Crypt:2  | Found a runed translucent gate.
 42849 | Crypt:2  | Found a runed translucent gate.
 42850 | Crypt:2  | Found a runed translucent gate.
 42860 | Crypt:2  | Noticed Jory
 42874 | Crypt:2  | Killed Jory
 42904 | Crypt:2  | Identified the +1 sling of Dim Light {venom, rF+++ MP-9
                  | Str+4}
 43045 | Crypt:2  | Reached XP level 24. HP: 157/157 MP: 0/0
 43057 | Crypt:2  | HP: 106/235 [ancient champion/iron shot (26)]
 43074 | Crypt:2  | HP: 56/235 [ancient champion/iron shot (41)]
 43264 | Crypt:2  | HP: 72/156 [phantasmal warrior[a vampire mage] (20)]
 43414 | Crypt:2  | Reached skill level 17 in Armour
 43725 | Crypt:2  | Reached skill level 9 in Stealth
 44031 | Crypt:2  | Noticed a golden dragon
 44031 | Crypt:2  | an acid blob changed into a golden dragon
 44045 | Crypt:3  | Entered Level 3 of the Crypt
 44420 | Crypt:3  | Reached skill level 19 in Spellcasting
 44545 | Crypt:3  | Identified the ring of Gin and Tonic {rF+ rC- Will+ Str+6}
 44892 | Crypt:3  | Reached skill level 10 in Stealth
 45066 | Crypt:3  | Found a staircase to the Tomb.
 45151 | Crypt:3  | Identified the +2 ring mail of Darkness {rN+ rCorr Int-5
                  | Slay+5}
 45171 | Crypt:3  | Identified the +0 ring mail of Quenwixiff {rElec Str+2}
 45318 | Crypt:3  | Reached skill level 18 in Armour
 45804 | Depths:1 | Entered Level 1 of the Depths
 45874 | Depths:1 | Found a one-way gate to the infinite horrors of the Abyss.
 46055 | Depths:1 | Found a blossoming altar of Fedhas.
 46182 | Depths:1 | Found a sparkling altar of Nemelex Xobeh.
 46352 | Depths:1 | Found a gateway to Hell.
 46476 | Depths:1 | Reached XP level 25. HP: 164/164 MP: 0/0
 46476 | Depths:1 | Learned a level 9 spell: Chain Lightning
 47025 | Depths:2 | HP: 76/164 [iron troll (5)]
 47377 | Depths:2 | Found Elin's Assorted Antiques.
 47377 | Depths:2 | Found Lepuat's Weapon Emporium.
 47380 | Depths:2 | Found Esiqos's Antique Weapon Emporium.
 47384 | Depths:2 | Found Ejougreq's Weapon Shoppe.
 47391 | Depths:2 | Bought a potion of heal wounds for 155 gold pieces
 47391 | Depths:2 | Bought a potion of resistance for 310 gold pieces
 47445 | Depths:2 | Reached skill level 15 in Shields
 47668 | Depths:2 | Paralysed by a floating eye for 2 turns
 47697 | Depths:2 | Paralysed by a floating eye for 4 turns
 47705 | Depths:2 | Paralysed by a floating eye for 2 turns
 47716 | Depths:2 | Reached skill level 17 in Fighting
 47783 | Depths:2 | Identified the +2 scale mail of Eternal Vigilance {+Inv
                  | rPois rN+++ Will-}
 47934 | Depths:2 | Found a one-way gate leading to the halls of Pandemonium.
 48349 | Depths:3 | Found a transporter.
 48390 | Depths:3 | Found a transporter.
 48518 | Depths:3 | Found a transporter.
 48538 | Depths:3 | Found a transporter.
 48692 | Depths:3 | Found a white marble altar of Elyvilon.
 48990 | Depths:3 | Reached skill level 20 in Spellcasting
 49009 | Depths:3 | Noticed a juggernaut
 49009 | Depths:3 | Noticed a caustic shrike
 49016 | Depths:3 | Killed a caustic shrike
 49020 | Depths:3 | Killed a juggernaut
 49094 | Depths:3 | Reached skill level 16 in Shields
 49613 | Depths:4 | Entered Level 4 of the Depths
 49817 | Depths:4 | Reached skill level 17 in Shields
 49868 | Depths:4 | Noticed a caustic shrike
 49869 | Depths:4 | Noticed a caustic shrike
 49871 | Depths:4 | Noticed a caustic shrike
 49872 | Depths:4 | Noticed a caustic shrike
 49874 | Depths:4 | HP: 78/159 [acid (4)]
 49966 | Depths:3 | Killed a caustic shrike
 50077 | Depths:4 | Reached XP level 26. HP: 167/171 MP: 0/0
 50224 | Depths:4 | Found a gate to the Realm of Zot.
 50288 | Depths:4 | Reached skill level 18 in Shields
 50710 | Depths:4 | Found a one-way gateway to a ziggurat.
 50720 | Depths:4 | Paralysed by a floating eye for 2 turns
 50730 | Depths:4 | Paralysed by a floating eye for 3 turns
 50736 | Depths:4 | Paralysed by a floating eye for 4 turns
 50922 | Depths:3 | Voluntarily entered the Abyss.
 51157 | Abyss:2  | HP: 48/171 [Hell Sentinel/iron shot (53)]
 51163 | Abyss:2  | HP: 62/171 [Hell Sentinel/iron shot (25)]
 51285 | Abyss:3  | Gained mutation: You are weak. (Str -2) [a neqoxec]
 51697 | Abyss:3  | Reached skill level 19 in Shields
 52351 | Abyss:3  | Reached skill level 21 in Spellcasting
 52530 | Abyss:3  | Gained mutation: Armour fits poorly on your strangely
                  | shaped body. [a neqoxec]
 52688 | Abyss:3  | Gained mutation: You do not regenerate when monsters are
                  | visible. [a cacodemon]
 52944 | Abyss:3  | Reached XP level 27. HP: 155/176 MP: 0/0
 52944 | Abyss:3  | Learned a level 9 spell: Death's Door
 53036 | Abyss:4  | Reached skill level 20 in Shields
 53064 | Abyss:4  | HP: 84/176 [starcursed mass/accursed screaming (5)]
 53073 | Abyss:4  | Got an abyssal rune of Zot
 53115 | Abyss:4  | HP: 85/176 [thrashing horror (3)]
 53226 | Abyss:4  | Reached skill level 22 in Spellcasting
 53268 | Depths:3 | Escaped the Abyss
 53269 | Depths:3 | Lost mutation: You possess an exceptional clarity of mind.
                  | [potion of mutation]
 53269 | Depths:3 | Lost mutation: You are agile. (Dex +4, Str/Int -1) [potion
                  | of mutation]
 53269 | Depths:3 | Lost mutation: You passively dampen the noise of your
                  | surroundings. [potion of mutation]
 53269 | Depths:3 | Lost mutation: You are partially covered in iridescent
                  | scales. (AC +2) [potion of mutation]
 53269 | Depths:3 | Gained mutation: You sometimes lose your temper in combat.
                  | [potion of mutation]
 53270 | Depths:3 | Lost mutation: You are weak. (Str -2) [potion of mutation]
 53270 | Depths:3 | Lost mutation: You sometimes lose your temper in combat.
                  | [potion of mutation]
 53270 | Depths:3 | Gained mutation: You sometimes lose your temper in combat.
                  | [potion of mutation]
 53270 | Depths:3 | Gained mutation: Your mind is acute. (Int +4, Str/Dex -1)
                  | [potion of mutation]
 53271 | Depths:3 | Lost mutation: Armour fits poorly on your strangely shaped
                  | body. [potion of mutation]
 53271 | Depths:3 | Lost mutation: Your mind is acute. (Int +4, Str/Dex -1)
                  | [potion of mutation]
 53271 | Depths:3 | Gained mutation: You are weak. (Str -2) [potion of
                  | mutation]
 53271 | Depths:3 | Gained mutation: You occasionally shout uncontrollably at
                  | your foes. [potion of mutation]
 53271 | Depths:3 | Gained mutation: Your mind is acute. (Int +4, Str/Dex -1)
                  | [potion of mutation]
 53272 | Depths:3 | Lost mutation: You do not regenerate when monsters are
                  | visible. [potion of mutation]
 53272 | Depths:3 | Lost mutation: You sometimes lose your temper in combat.
                  | [potion of mutation]
 53272 | Depths:3 | Lost mutation: Your mind is acute. (Int +4, Str/Dex -1)
                  | [potion of mutation]
 53272 | Depths:3 | Gained mutation: You occasionally lose the ability to read
                  | scrolls when taking damage. [potion of mutation]
 53272 | Depths:3 | Gained mutation: Your skin changes colour to match your
                  | surroundings (Stealth+). [potion of mutation]
 53273 | Depths:3 | Lost mutation: Your skin changes colour to match your
                  | surroundings (Stealth+). [potion of mutation]
 53273 | Depths:3 | Lost mutation: You occasionally lose the ability to read
                  | scrolls when taking damage. [potion of mutation]
 53273 | Depths:3 | Lost mutation: You are weak. (Str -2) [potion of mutation]
 53273 | Depths:3 | Gained mutation: You possess an exceptional clarity of
                  | mind. [potion of mutation]
 53273 | Depths:3 | Gained mutation: Your mind is acute. (Int +4, Str/Dex -1)
                  | [potion of mutation]
 53374 | Zot:1    | Entered Level 1 of the Realm of Zot
 53732 | Zot:1    | Identified the +1 pair of gloves of Biwk {Harm Str+4
                  | Slay+2}
 53797 | Zot:1    | You are sucked into a shaft and drop 1 floor!
 54505 | Zot:2    | HP: 85/176 [purple draconian/bolt of dispelling energy[a
                  | yellow draconian annihilator] (27)]
 54510 | Zot:2    | HP: 50/176 [purple draconian/bolt of dispelling energy[a
                  | yellow draconian annihilator] (33)]
 54517 | Zot:2    | HP: 15/176 [purple draconian/bolt of dispelling energy[a
                  | yellow draconian annihilator] (36)]
 54708 | Zot:2    | HP: 85/176 [purple draconian shifter/bolt of dispelling
                  | energy[a yellow draconian annihilator] (20)]
 55075 | Zot:2    | HP: 65/176 [purple draconian/bolt of dispelling energy[a
                  | yellow draconian annihilator] (26)]
 55292 | Zot:2    | Reached skill level 23 in Spellcasting
 56440 | Zot:3    | Noticed an orb of fire
 56441 | Zot:3    | Gained mutation: You are clumsy. (Dex -2) [an orb of fire]
 56451 | Zot:3    | Killed an orb of fire
 56494 | Zot:3    | Noticed a Killer Klown
 56507 | Zot:3    | Killed a Killer Klown
 56808 | Zot:3    | Noticed an orb of fire
 56822 | Zot:3    | Killed an orb of fire
 57535 | Zot:4    | Noticed an orb of fire
 57548 | Zot:4    | Killed an orb of fire
 57970 | Zot:5    | Entered Level 5 of the Realm of Zot
 58130 | Zot:5    | Reached skill level 24 in Spellcasting
 58456 | Zot:5    | Noticed an orb of fire
 58457 | Zot:5    | Noticed an orb of fire
 58514 | Zot:5    | Noticed a dread lich
 58514 | Zot:5    | Noticed a Killer Klown
 58579 | Zot:5    | Noticed an orb of fire
 58590 | Zot:5    | Gained mutation: You are frail. (-10% HP) [an orb of fire]
 58591 | Zot:5    | Killed an orb of fire
 58657 | Zot:5    | Killed a Killer Klown
 58657 | Zot:5    | Killed a dread lich
 58693 | Zot:5    | Noticed an orb of fire
 58707 | Zot:5    | Killed an orb of fire
 58722 | Zot:5    | HP: 73/156 [arc of chain lightning (7)]
 58722 | Zot:5    | Killed an orb of fire
 58811 | Zot:5    | Noticed an orb of fire
 58823 | Zot:5    | Killed an orb of fire
 58828 | Zot:5    | Noticed a Killer Klown
 58829 | Zot:5    | HP: 60/156 [Killer Klown/klown pie (17)]
 58833 | Zot:5    | Killed a Killer Klown
 58955 | Zot:5    | Noticed an orb of fire
 58966 | Zot:5    | Killed an orb of fire
 58967 | Zot:5    | Reached skill level 25 in Spellcasting
 59104 | Zot:5    | HP: 61/156 [electric golem/bolt of lightning (15)]
 59117 | Zot:5    | HP: 52/156 [electric golem/bolt of lightning (3)]
 59238 | Zot:5    | Got the Orb of Zot
 59529 | Depths:1 | Gained mutation: You are very frail. (-20% HP) [a neqoxec]
 59558 | D:15     | Lost mutation: Your mind is acute. (Int +4, Str/Dex -1)
                  | [potion of mutation]
 59558 | D:15     | Lost mutation: You occasionally shout uncontrollably at
                  | your foes. [potion of mutation]
 59558 | D:15     | Lost mutation: You are clumsy. (Dex -2) [potion of
                  | mutation]
 59558 | D:15     | Gained mutation: You are partially covered in iridescent
                  | scales. (AC +2) [potion of mutation]
 59559 | D:15     | Lost mutation: You possess an exceptional clarity of mind.
                  | [potion of mutation]
 59559 | D:15     | Lost mutation: You are partially covered in iridescent
                  | scales. (AC +2) [potion of mutation]
 59559 | D:15     | Gained mutation: Your mind is acute. (Int +4, Str/Dex -1)
                  | [potion of mutation]
 59559 | D:15     | Gained mutation: You sometimes lose your temper in combat.
                  | [potion of mutation]
 59560 | D:15     | Lost mutation: Your mind is acute. (Int +4, Str/Dex -1)
                  | [potion of mutation]
 59560 | D:15     | Lost mutation: You are very frail. (-20% HP) [potion of
                  | mutation]
 59560 | D:15     | Lost mutation: You are frail. (-10% HP) [potion of
                  | mutation]
 59560 | D:15     | Gained mutation: You are occasionally teleported next to
                  | monsters. [potion of mutation]
 59560 | D:15     | Gained mutation: Your natural rate of healing is unusually
                  | fast. [potion of mutation]
 59561 | D:15     | Lost mutation: You sometimes lose your temper in combat.
                  | [potion of mutation]
 59561 | D:15     | Lost mutation: You are occasionally teleported next to
                  | monsters. [potion of mutation]
 59561 | D:15     | Lost mutation: Your natural rate of healing is unusually
                  | fast. [potion of mutation]
 59561 | D:15     | Gained mutation: Armour fits poorly on your strangely
                  | shaped body. [potion of mutation]
 59913 | D:$      | Escaped with the Orb!

Illustrated notes

Levels and vault maps discovered:
D:1:      dpeg_chamrin_arrival_tetris, layout_basic,
          shapermc_ecumenical_altar_venn
D:2:      layout_loops_ring, small_statue_intersection, uniq_jessica
D:3:      layout_basic, minmay_fractal_squares_diagonal_5, uniq_terence
D:4:      layout_cave_pools, kennysheep_mini_moat, uniq_duvessa
D:5:      layout_cave_pools, minmay_temple_entry_wispy,
          lightli_sewer_entry_pipes, dreamdust_gnoll_farm
D:6:      layout_basic, tgw_sif, kennysheep_mini, evilmike_ruin_ashenzari,
          minmay_hollow_rounded_squares
D:7:      layout_cave_pools, nicolae_overflow_hidden_temple, zin_scriptorium
D:8:      layout_cave_pools, mainiacjoe_overflow_catwalk_spiral,
          mainiacjoe_overflow_alcove_2, jmf_multi_god_temple, minivault_24,
          uniq_maggie, uniq_erica, uniq_joseph
D:9:      layout_gridville
D:10:     layout_basic, serial_bayou, serial_bayou_ford_a, serial_bayou_shore_b,
          serial_bayou_crossing, serial_bayou_pond_b, minmay_misc_feat_alley
D:11:     layout_cross, dpeg_oklobed_lair, abandoned_shop, uniq_lodul
D:12:     layout_roguey, david_orc_5, st_stairs_3, grunt_potential
D:13:     layout_basic, erik_vaults_2, uniq_josephine
D:14:     layout_loops_cross, grunt_ministairs_9, uniq_agnes, uniq_roxanne,
          uniq_kirke
D:15:     gammafunk_enter_depths_forms, layout_basic, hellmonk_bongcloud_opening
Temple:   chequers_temple_sunken
Lair:1:   layout_regular_city, grunt_megastairs_2, infiniplex_staircase_pool
Lair:2:   layout_chaotic_city, gammafunk_ghost_grave, serial_bayou_pond_d,
          chequers_serial_rivers_large_b, chequers_serial_rivers_room_a,
          roderic_batcave, uniq_amaemon
Lair:3:   layout_big_grid, minmay_shoals_entry_lonely_mermaid,
          dummy_spider_entry, serial_bayou_shore_b, infiniplex_staircase_pool_2,
          uniq_gastronok
Lair:4:   layout_long_grid, slime_entry_1, grunt_forest_stairs_clearing
Lair:5:   due_jungle_book, layout_cave_pods, kennysheep_abandoned_house,
          uniq_rupert
Shoals:1: layout_shoals, uniq_jorgrun
Shoals:2: layout_shoals, serial_shops, bzr_entry_customers
Shoals:3: layout_shoals, nicolae_shop_gadgets
Shoals:4: shoals_end_simple, layout_shoals, shoals_ilsuiw_alternative,
          nicolae_shoals_dead_sea_scrolls
Spider:1: layout_spider_delve
Spider:2: layout_spider_delve, uniq_donald, uniq_mlioglotl, uniq_louise
Spider:3: layout_spider_delve, uniq_mara, uniq_aizul
Spider:4: hellmonk_spider_rune_endless_swarm
Orc:1:    layout_caves
Orc:2:    grunt_orc_community_town_hall, layout_caves,
          grunt_orc_community_big_house_2, grunt_orc_community_big_house_2,
          grunt_orc_community_house_2, grunt_orc_community_house_3,
          grunt_orc_community_house_3, grunt_orc_community_house_2,
          grunt_orc_community_house_3, grunt_orc_community_house_2, basic_altar,
          gauntlet_entry_generic, serial_shops, nicolae_shop_waterfront,
          shop_statue, nicolae_shop_statue_plus
Elf:1:    layout_gridlike, hangedman_elf_represent, evilmike_ambush
          [evilmike_ambush_outer_basic, evilmike_ambush_inner_basic]
Elf:2:    nicolae_elf_blades_crystal_corner, layout_gridlike
Elf:3:    elf_hall_gauntlet_wide, layout_geoelf_grid, serial_shops,
          nicolae_square_shop, mu_enter_wizlab_6
Vaults:1: gammafunk_sealed_arena, hangedman_vaults_restitches, vaults_room_grid,
          v_misc_24, nicolae_vaults_windows_and_doors_thing,
          hangedman_vaults_impose, vaults_mumra_chevron_long,
          nicolae_vaults_little_ls, v_alt_pattern_2, v_alt_pattern_1,
          nicolae_vaults_network_s, v_misc_3, vaults_room_pools,
          nicolae_vaults_specimen_jars, vaults_dpeg_ring, vaults_room_fours,
          layout_vaults_maze_snakey
Vaults:2: vaults_room_hallway, vaults_mumra_hexcomb, vaults_room_pools,
          v_misc_12, nicolae_vaults_little_squares_4, vaults_mumra_hex,
          nicolae_vaults_alarming, layout_vaults_big_room, serial_shops, shop
Vaults:3: minmay_crypt_entry_nasty_monster, vaults_room_fours, st_greater_box_4,
          hangedman_vaults_trim, v_misc_33, grunt_vaults_hallway_long, v_misc_5,
          v_misc_15, hangedman_vaults_impose, nicolae_vaults_network_quincunx
          [nicolae_vaults_network_quincunx_subvault,
          nicolae_vaults_network_quincunx_subvault,
          nicolae_vaults_network_quincunx_subvault,
          nicolae_vaults_network_quincunx_subvault,
          nicolae_vaults_network_quincunx_subvault], layout_vaults_omnibox,
          serial_shops, nicolae_shop_statue_plus, uniq_margery, uniq_xtahua,
          uniq_asterion
Vaults:4: v_misc_30, v_misc_23, hangedman_vaults_restitches,
          ontoclasm_vaults_misaligned, v_misc_1, grunt_vaults_diagonal,
          ontoclasm_vaults_loading_screen, layout_vaults_omnigrid,
          uniq_saint_roka
Crypt:1:  layout_chaotic_city, lemuel_statue_altar, chequers_big_river,
          uniq_bai_suzhen
Crypt:2:  layout_misc_corridors, pandoras_box_mu, uniq_jory
Crypt:3:  grunt_crypt_end_deaths_head
Depths:1: nicolae_cairo_tiling_very_big, layout_gridville, abyss_entry,
          pf_hell_entry_tar_river, fedhas_altar_1, nemelex_diamond_rough_becter
Depths:2: minmay_the_grid_triangle_9x9_rhombus_full_mashed
          [minmay_the_grid_triangle_9x9_descending_squares,
          minmay_the_grid_triangle_9x9_sprig,
          minmay_the_grid_triangle_9x9_checkered,
          minmay_the_grid_triangle_9x9_empty,
          minmay_the_grid_triangle_9x9_semitri,
          minmay_the_grid_triangle_9x9_minimal,
          minmay_the_grid_triangle_9x9_pentomino_pain,
          minmay_the_grid_triangle_9x9_prize_schism], layout_gridlike,
          pf_dread_powers_of_hell, rand_demon_pan_entry_1, minmay_shoptagon
Depths:3: nzn_winding_woodlands_three_and_one [nzn_winding_woodlands_5x15_cabin,
          nzn_winding_woodlands_5x15_parted, nzn_winding_woodlands_5x15_zeroes,
          nzn_winding_woodlands_center_triple_pond], layout_honeycomb,
          elyvilon_altar_5, hell_entry, abyss_entry,
          nicolae_transporter_intersection, serial_bayou_shore_b
Depths:4: grunt_x_marks_the_spot, layout_cave_pools, enter_ziggurat_c,
          minmay_crystal_room, grunt_mini_vestibule
Zot:1:    layout_basic
Zot:2:    layout_basic, grunt_megastairs_1
Zot:3:    layout_basic
Zot:4:    layout_basic, lemuel_golem_globe
Zot:5:    layout_misc_corridors

Skill      XL: |  1  2  3  4  5  6  7  8  9 10 11 12 13 14 15 16 17 18 19 20 21 22 23 24 25 26 27 |
---------------+----------------------------------------------------------------------------------+-----
Polearms       | 3 4 5 6 8 9 10 11 12 14 | 14.0
Spellcasting   | 1 2 3 4 5 7 8 9 10 11 13 14 15 16 17 18 19 20 21 25 | 25.5
Armour         | 3 5 6 8 9 10 12 15 16 18 | 18.0
Dodging        | 4 7 9 10 | 10.0
Fighting       | 4 5 7 8 10 11 13 14 15 16 17 | 17.0
Shields        | 2 4 7 9 10 13 14 17 19 20 | 20.0
Invocations    | 2 4 6 7 8 10 12 14 | 14.0
Stealth        | 4 8 10 | 10.0
Throwing       | |  1.5

Action                   |  1- 3 |  4- 6 |  7- 9 | 10-12 | 13-15 | 16-18 | 19-21 | 22-24 | 25-27 || total
-------------------------+-------+-------+-------+-------+-------+-------+-------+-------+-------++-------
Melee: Trident           |    45 |       |    21 |   278 |   760 |   223 |       |       |       ||  1327
       Punch             |     1 |       |     4 |       |       |       |       |       |       ||     5
       Dagger            |     9 |   189 |   112 |       |       |       |       |       |       ||   310
       Halberd           |       |       |   163 |   123 |       |       |       |       |       ||   286
       Demon trident     |       |       |       |       |       |   483 |   394 |   975 |  1683 ||  3535
       Unarmed           |       |       |       |       |       |       |       |     1 |       ||     1
 Cast: Sting             |       |     3 |    19 |       |       |       |       |       |       ||    22
       Call Imp          |       |     2 |    28 |    17 |    28 |     3 |     1 |       |       ||    79
       Summon Guardian G |       |       |     4 |    42 |   102 |    69 |    41 |    32 |     9 ||   299
       Tukima's Dance    |       |       |       |     4 |     8 |     3 |    27 |     8 |     4 ||    54
       Fireball          |       |       |       |       |    27 |    50 |   302 |   249 |     3 ||   631
       Summon Cactus Gia |       |       |       |       |     5 |    97 |    52 |    42 |    11 ||   207
       Spellforged Servi |       |       |       |       |       |       |    19 |     6 |     1 ||    26
       Enfeeble          |       |       |       |       |       |       |     2 |    19 |   230 ||   251
       Yara's Violent Un |       |       |       |       |       |       |     2 |     5 |       ||     7
       Disjunction       |       |       |       |       |       |       |       |     4 |     4 ||     8
       Dragon Form       |       |       |       |       |       |       |       |     2 |       ||     2
       Chain Lightning   |       |       |       |       |       |       |       |       |    23 ||    23
Invok: Recall Ancestor   |       |       |       |     6 |    12 |     6 |     4 |     4 |    21 ||    53
       Ancestor Identity |       |       |       |     1 |       |       |       |       |       ||     1
       Ancestor Life: Ba |       |       |       |     1 |       |       |       |       |       ||     1
       Idealise          |       |       |       |       |     2 |     6 |     3 |     6 |     9 ||    26
       Transference      |       |       |       |       |       |       |       |       |     1 ||     1
Evoke: Wand              |       |       |     1 |    10 |     1 |     1 |     5 |       |     3 ||    21
  Use: Potion            |       |       |       |     7 |       |       |     4 |     1 |    17 ||    29
       Scroll            |       |       |       |    11 |    10 |    18 |    11 |    19 |    17 ||    86
 Stab: Sleeping          |     1 |     1 |     1 |     1 |       |       |       |     4 |     3 ||    11
       Distracted        |       |       |     3 |    14 |    27 |    30 |    13 |    30 |    47 ||   164
       Invisible         |       |       |       |       |       |       |     3 |     2 |    96 ||   101
       Petrified         |       |       |       |       |       |       |       |       |     2 ||     2
Armor: Leather armour    |     9 |    40 |    50 |    16 |       |       |       |       |       ||   115
       Ring mail         |       |       |       |    57 |   128 |    92 |    70 |    26 |       ||   373
       Quicksilver drago |       |       |       |       |       |       |       |     9 |       ||     9
       Chain mail        |       |       |       |       |       |       |       |   178 |   360 ||   538
       Skin              |       |       |       |       |       |       |       |     4 |       ||     4
Dodge: Dodged            |    25 |   132 |   211 |   192 |   267 |   216 |   135 |   181 |   288 ||  1647
Block: Buckler           |       |       |       |    32 |   109 |    31 |       |       |       ||   172
       Kite shield       |       |       |       |       |       |   162 |   174 |   355 |   682 ||  1373
